 Dungeon Crawl Stone Soup version 0.31-a0-1598-g94871bc2e8 (webtiles) character file.

Game seed: 5803057199074771474

5125963 swap the Ninja (level 27, 248/248 (273) HPs)
             Began as a Ghoul Alchemist on Jan 5, 2024.
             Was an Initiate of Gozag.
             Escaped with the Orb
             ... and 10 runes on Jan 7, 2024!
             The game lasted 14:05:58 (197974 turns).

swap the Ninja (Ghoul Alchemist)                  Turns: 197974, Time: 14:05:58

HP:   248/248 (273) AC: 31    Str: 20    XL:     27
MP:   72/72         EV: 29    Int: 44    God:    Gozag
Gold: 66733         SH: 39    Dex: 17    Spells: 1/80 levels left

rFire   + + .        a - +3 Elemental Staff {ele, rElec rF+ rC+ AC+3}
rCold   + + +        V - +8 tower shield {reflect}
rNeg    + + +        l - +4 robe of Folly {Brill Will-∞ Int+8}
rPois   ∞            D - +2 helmet {Int+3}
rElec   +            v - +1 cloak "Nasumiul" {Harm +Inv rN+ Dex+3}
rCorr   .            y - +4 pair of gloves of Vermicelli {Str+4 Dex+2}
SInv    .            e - +4 pair of boots "Zudo" {rF+}
Will    .....        C - amulet of the Cast Vote {Reflect rF+ Dex+3 SH+5}
Stlth   +++          q - ring of Anga {MP+9 Int+6}
HPRegen 0.61/turn    b - ring "Hehaemp" {Ice MP+9 Int+3 Stlth-}
MPRegen 0.43/turn

%: harm (+30% outgoing, +20% incoming), reflection
@: studying 6 skills, drained
A: claws 1, cold resistance 1, negative energy resistance 3, inhibited
regeneration, torment resistance 2, devour on kill
0: Orb of Zot
}: 10/15 runes: decaying, slimy, silver, golden, iron, obsidian, icy, bone,
abyssal, gossamer
a: Renounce Religion, Evoke Invisibility, Potion Petition, Call Merchant, Bribe
Branch


You escaped.
You worshipped Gozag.
Gozag was exalted by your worship.
You visited 18 branches of the dungeon, and saw 87 of its levels.
You visited the Abyss 3 times.
You completed 5 ziggurats, and saw 135 of their levels.
You also visited: Bailey, Ice Cave and Wizlab.

You collected 127203 gold pieces.
You spent 11606 gold pieces at shops.
You paid 48864 gold pieces to Gozag.

Inventory:

Hand Weapons
 a - the +3 Elemental Staff (weapon) {ele, rElec rF+ rC+ AC+3}
   (You found it on level 17 of a ziggurat)

   AC+3:      It affects your AC (+3).
   rF+:       It protects you from fire.
   rC+:       It protects you from cold.
   rElec:     It insulates you from electricity.
 s - the +13 sceptre of Asmodeus
   (You took it off Asmodeus on level 7 of Gehenna)

   Fire Summon: It may summon demons of flame and damnation when striking foes.
 L - the +8 demon trident "Rift" {distort, reach+}
   (You found it on level 24 of a ziggurat)
Missiles
 k - 105 silver javelins (quivered)
Armour
 e - the +4 pair of boots "Zudo" (worn) {rF+}
   (You acquired it on level 1 of the Lair of Beasts)

   rF+:       It protects you from fire.
 i - the +10 tower shield of Ignorance {rN+ Int-4}
   (You found it on level 7 of Tartarus)

   Int-4:     It affects your intelligence (-4).
   rN+:       It protects you from negative energy.
 l - the +4 robe of Folly (worn) {Brill Will-∞ Int+8}
   (You found it on level 27 of a ziggurat)

   Brill:     It increases the power of your magical spells and halves their MP
   cost (rounding up).
   Will-∞: It reduces your willpower to zero.
   Int+8:     It affects your intelligence (+8).
 v - the +1 cloak "Nasumiul" (worn) {Harm +Inv rN+ Dex+3}
   (You found it on level 23 of a ziggurat)

   Dex+3:     It affects your dexterity (+3).
   rN+:       It protects you from negative energy.
   +Inv:      It lets you turn invisible.
   Harm:      It increases damage dealt and taken.
 x - the orb of Dispater {+Damnation *Corrode AC+5}
   (You took it off Dispater on level 7 of the Iron City of Dis)

   +Damnation: It grants the ability to hurl damnation at the cost of health and
   magic, with strength depending on Evocations skill.
   AC+5:      It affects your AC (+5).
   *Corrode:  It may corrode you when you take damage.
 y - the +4 pair of gloves of Vermicelli (worn) {Str+4 Dex+2}
   (You bought it in a shop on level 5 of the Vaults)

   Str+4:     It affects your strength (+4).
   Dex+2:     It affects your dexterity (+2).
 D - a +2 helmet of intelligence (worn)
 V - a +8 tower shield of reflection (worn)
Jewellery
 b - the ring "Hehaemp" (right hand) {Ice MP+9 Int+3 Stlth-}
   (You found it on level 7 of a ziggurat)

   [ring of ice]

   Ice:       It enhances your ice magic.
   Int+3:     It affects your intelligence (+3).
   rF-:       It makes you vulnerable to fire.
   rC+:       It protects you from cold.
   MP+9:      It affects your magic capacity (+9).
   Stlth-:    It makes you less stealthy.
 q - the ring of Anga (left hand) {MP+9 Int+6}
   (You found it on level 10 of a ziggurat)

   [ring of intelligence]

   Int+6:     It affects your intelligence (+6).
   MP+9:      It affects your magic capacity (+9).
 r - the ring "Faqef" {rC+ Will+ Str+3}
   (You found it on level 7 of Tartarus)

   [ring of protection from cold]

   Str+3:     It affects your strength (+3).
   rC+:       It protects you from cold.
   Will+:     It increases your willpower.
 t - the ring of Boeliumm {Fire Fly rN++ Int+2 Dex-4}
   (You found it on level 7 of Gehenna)

   [ring of fire]

   Fire:      It enhances your fire magic.
   Int+2:     It affects your intelligence (+2).
   Dex-4:     It affects your dexterity (-4).
   rF+:       It protects you from fire.
   rC-:       It makes you vulnerable to cold.
   rN++:      It greatly protects you from negative energy.
   Fly:       It grants you flight.
 w - the ring "Ruoloecs" {rPois rN+ Will- Dex+5}
   (You found it on level 7 of Gehenna)

   [ring of positive energy]

   Dex+5:     It affects your dexterity (+5).
   rPois:     It protects you from poison rN+: It protects you from negative
   energy.
   Will-:     It decreases your willpower.
 C - the amulet of the Cast Vote (around neck) {Reflect rF+ Dex+3 SH+5}
   (You bought it in a shop on level 1 of the Lair of Beasts)

   [amulet of reflection]

   Reflect:   It reflects blocked missile attacks.
   Dex+3:     It affects your dexterity (+3).
   rF+:       It protects you from fire.
   SH+5:      It affects your SH (+5).
Wands
 z - a wand of light (229)
 J - a wand of roots (303)
Scrolls
 c - 110 scrolls of teleportation
 o - 26 scrolls of revelation
 p - 39 scrolls of immolation
 B - 41 scrolls of blinking
 E - 4 scrolls of summoning
 Y - 21 scrolls of amnesia
Potions
 d - 4 potions of brilliance
 h - 14 potions of enlightenment
 m - 24 potions of curing
 u - 3 potions of invisibility
 F - 20 potions of haste
 G - 7 potions of resistance
 I - 23 potions of magic
 M - 27 potions of cancellation
 O - 12 potions of might
 R - 16 potions of heal wounds
Miscellaneous
 f - a lightning rod (4/4)
 g - a phantom mirror
 j - the horn of Geryon
 n - a condenser vane
 H - a sack of spiders


   Skills:
 O Level 27 Fighting
 - Level 5.1(5.8) Maces & Flails
 O Level 27 Polearms
 - Level 4.0(18.7) Staves
 - Level 18.0 Throwing
 O Level 27 Armour
 O Level 27 Dodging
 O Level 27 Stealth
 O Level 27 Shields
 O Level 27 Spellcasting
 O Level 27 Conjurations
 O Level 27 Hexes
 O Level 27 Summonings
 O Level 27 Necromancy
 + Level 24.5 Translocations
 O Level 27 Fire Magic
 O Level 27 Ice Magic
 O Level 27 Air Magic
 O Level 27 Earth Magic
 - Level 9.6 Alchemy
 O Level 27 Evocations


You had one spell level left.
You knew the following spells:

 Your Spells              Type           Power      Damage    Failure   Level
a - Ignition              Fire           96%        3d24      1%          8
b - Chain Lightning       Conj/Air       96%        3d128     1%          9
c - Shatter               Erth           96%        3d69*     1%          9
d - Sculpt Simulacrum     Ice/Alch       99%        N/A       1%          6
e - Discord               Hex            82%        N/A       1%          8
f - Ozocubu's Refrigerat  Ice            100%       4d29      0%          7
g - Dragon's Call         Summ           82%        N/A       1%          9
h - Death Channel         Necr           82%        N/A       0%          6
j - Lehudib's Crystal Sp  Conj/Erth      96%        10d21     1%          8
w - Polar Vortex          Ice            100%       12d13*    1%          9

Your spell library contained the following spells:

 Spells                   Type           Power      Damage    Failure   Level
 Apportation              Tloc           100%       N/A       0%          1
 Foxfire                  Conj/Fire      100%       2x1d9     0%          1
 Freeze                   Ice            100%       1d10      0%          1
 Kiss of Death            Conj/Necr      100%       2d13      0%          1
 Magic Dart               Conj           100%       1d8       0%          1
 Necrotise                Necr           100%       1d9       0%          1
 Sandblast                Erth           100%       2d20      0%          1
 Shock                    Conj/Air       100%       1d9       0%          1
 Slow                     Hex            100%       N/A       0%          1
 Sting                    Conj/Alch      100%       1d9       0%          1
 Summon Small Mammal      Summ           100%       N/A       0%          1
 Blink                    Tloc           100%       N/A       0%          2
 Call Imp                 Summ           100%       N/A       0%          2
 Cigotuvi's Dreadful Rot  Necr/Alch/Air  100%       N/A       0%          2
 Ensorcelled Hibernation  Hex/Ice        100%       N/A       0%          2
 Jinxbite                 Hex            100%       N/A       0%          2
 Lesser Beckoning         Tloc           100%       N/A       0%          2
 Mercury Vapours          Alch/Air       100%       N/A       0%          2
 Momentum Strike          Conj/Tloc      100%       3d10      0%          2
 Scorch                   Fire           100%       2d9       0%          2
 Searing Ray              Conj           100%       2d8       0%          2
 Static Discharge         Conj/Air       100%       3-8/arc   0%          2
 Call Canine Familiar     Summ           100%       N/A       0%          3
 Confusing Touch          Hex            100%       N/A       0%          3
 Dazzling Flash           Conj/Hex       100%       N/A       0%          3
 Frozen Ramparts          Ice            100%       1d16      0%          3
 Fugue of the Fallen      Necr           100%       N/A       0%          3
 Gell's Gravitas          Tloc           100%       N/A       0%          3
 Hailstorm                Conj/Ice       100%       3d16      0%          3
 Inner Flame              Hex/Fire       100%       N/A       0%          3
 Mephitic Cloud           Conj/Alch/Air  100%       N/A       0%          3
 Ozocubu's Armour         Ice            100%       N/A       0%          3
 Passwall                 Erth           100%       N/A       0%          3
 Sigil of Binding         Hex            100%       N/A       0%          3
 Stone Arrow              Conj/Erth      100%       3d13      0%          3
 Summon Ice Beast         Ice/Summ       100%       N/A       0%          3
 Swiftness                Air            100%       N/A       0%          3
 Teleport Other           Tloc           100%       N/A       0%          3
 Tukima's Dance           Hex            100%       N/A       0%          3
 Vampiric Draining        Necr           100%       2d13      0%          3
 Volatile Blastmotes      Fire/Tloc      100%       2d18      0%          3
 Airstrike                Air            96%        2d(14-30) 0%          4
 Anguish                  Hex/Necr       82%        N/A       0%          4
 Animate Armour           Summ/Erth      100%       N/A       0%          4
 Brom's Barrelling Bould  Conj/Erth      100%       2d11      0%          4
 Cause Fear               Hex            82%        N/A       0%          4
 Dimensional Bullseye     Hex/Tloc       81%        N/A       0%          4
 Dispel Undead            Necr           100%       3d31      0%          4
 Flame Wave               Conj/Fire      100%       2d21      0%          4
 Fulminant Prism          Conj/Alch      73%        3d29      0%          4
 Ignite Poison            Fire/Alch      100%       N/A       0%          4
 Iskenderun's Mystic Bla  Conj/Tloc      100%       2d19      0%          4
 Leda's Liquefaction      Alch/Erth      86%        N/A       0%          4
 Manifold Assault         Tloc           100%       N/A       0%          4
 Martyr's Knell           Necr/Summ      100%       N/A       0%          4
 Passage of Golubria      Tloc           100%       N/A       0%          4
 Petrify                  Alch/Erth      100%       N/A       0%          4
 Sticky Flame             Fire/Alch      100%       2d15      0%          4
 Summon Blazeheart Golem  Fire/Summ      100%       N/A       0%          4
 Summon Lightning Spire   Summ/Air       100%       N/A       0%          4
 Vhi's Electric Charge    Tloc/Air       100%       N/A       0%          4
 Arcjolt                  Conj/Air       96%        1d106     0%          5
 Borgnjor's Vile Clutch   Necr/Erth      96%        N/A       0%          5
 Curse of Agony           Necr           100%       N/A       0%          5
 Fireball                 Conj/Fire      96%        3d35      0%          5
 Freezing Cloud           Conj/Ice/Air   100%       6-21      0%          5
 Irradiate                Conj/Alch      73%        3d36      0%          5
 Iskenderun's Battlesphe  Conj           100%       2d15      0%          5
 Lee's Rapid Deconstruct  Erth           96%        3d42*     0%          5
 Metabolic Englaciation   Hex/Ice        100%       N/A       0%          5
 Silence                  Hex/Air        96%        N/A       0%          5
 Summon Forest            Summ/Tloc      81%        N/A       0%          5
 Summon Mana Viper        Hex/Summ       100%       N/A       0%          5
 Yara's Violent Unravell  Hex/Alch       73%        3d27      0%          5
 Bombard                  Conj/Erth      96%        9d15      0%          6
 Conjure Ball Lightning   Conj/Air       96%        3x3d37    0%          6
 Dispersal                Tloc           80%        N/A       0%          6
 Plasma Beam              Fire/Air       100%       2x1d120   0%          6
 Starburst                Conj/Fire      96%        6d24      0%          6
 Summon Cactus Giant      Summ           82%        N/A       0%          6
 Enfeeble                 Hex            82%        N/A       0%          7
 Haunt                    Necr/Summ      82%        N/A       0%          7
 Malign Gateway           Summ/Tloc      81%        N/A       0%          7
 Monstrous Menagerie      Summ           82%        N/A       0%          7
 Orb of Destruction       Conj           82%        9d18      0%          7
 Spellforged Servitor     Conj/Summ      82%        N/A       0%          7
 Summon Hydra             Summ           82%        N/A       0%          7
 Olgreb's Toxic Radiance  Alch           100%       N/A       1%          4
 Alistair's Intoxication  Alch           80%        N/A       1%          5
 Eringya's Noxious Bog    Alch           60%        4d6       1%          6
 Disjunction              Tloc           80%        N/A       1%          8
 Infestation              Necr           82%        N/A       1%          8
 Maxwell's Capacitive Co  Air            96%        ∞         1%          8
 Summon Horrible Things   Summ           82%        N/A       1%          8
 Fire Storm               Conj/Fire      96%        8d24      1%          9
 Sublimation of Blood     Necr           Unusable   N/A       N/A         2
 Animate Dead             Necr           Unusable   N/A       N/A         4

Dungeon Overview and Level Annotations

Branches:
Dungeon (15/15)            Temple (1/1) D:5            Lair (5/5) D:11
  Swamp (4/4) Lair:2       Spider (4/4) Lair:2        Slime (5/5) Lair:4
    Orc (2/2) D:9             Elf (3/3) Orc:2        Vaults (5/5) D:13
  Crypt (3/3) Vaults:3       Tomb (3/3) Crypt:3      Depths (4/4) D:15
   Hell (visited)             Dis (7/7) Hell            Geh (7/7) Hell
    Coc (7/7) Hell            Tar (7/7) Hell            Zot (5/5) Depths:4
 Bailey (visited)           IceCv (visited)          WizLab (visited)

Altars:
Ashenzari
Cheibriados
Dithmenos
Fedhas
Gozag
Hepliaklqana
Kikubaaqudgha
Makhleb
Nemelex Xobeh
Okawaru
Qazlal
Ru
Sif Muna
Trog
Uskayaw
Vehumet
Wu Jian
Xom
Yredelemnul
Jiyva
Lugonu

Shops:
D:11 =   D:15 *   Orc:2 *(*([   Elf:1 :   Elf:2 *   Elf:3 (
Lair:1 *=:*[=?==[=?*   Vaults:2 *   Vaults:4 (=[(*   Vaults:5 !!=*
Depths:3 :*!!

Portals:
Hell: Depths:1 Depths:2 Depths:3 Depths:4
Abyss: Lair:5 Depths:2 Depths:3 Depths:4
Pandemonium: Depths:2
Ziggurat: Lair:1*

Annotations:
Swamp:3 2 transporters, Flugslaktarn's ghost, adept MiFi
Elf:2 3 runed translucent doors
Depths:1 2 runed translucent doors, Abugem's ghost, veteran DgCj


Innate Abilities, Weirdness & Mutations

You are immune to poison.
You have sharp fingernails.
Your flesh is cold resistant. (rC+)
You are immune to negative energy. (rN+++)
You do not regenerate when monsters are visible.
You are immune to unholy pain and torment.
You thrive by killing the living.


Message History

There is a stone staircase leading up here.
You climb upwards.
There is a stone staircase leading down here.
You see here 2 stones.
The roar of the dragon horde subsides.
Magic restored.
Your unholy channel is weakening.
Your unholy channel expires.
You see here a serpent talisman.
There is a stone staircase leading up here.
You climb upwards.
There is a stone staircase leading down here.
You can once more reach out to the dragon horde.
There is a stone staircase leading up here.
You climb upwards.
There is a stone staircase leading down here.
There is a stone staircase leading up here.
You climb upwards.
There is a stone staircase leading down here.
A tormentor comes into view.
You can't go up here!
Casting: Death Channel (safe; 0% risk of failure)
Confirm with . or Enter, or press ? or * to list all spells.
You feel a huge surge of power!
The heat is drained from your surroundings.
The tormentor is heavily wounded.
Casting: Ozocubu's Refrigeration (safe; 0% risk of failure)
Confirm with . or Enter, or press ? or * to list all spells.
You feel a strong surge of power!
The dungeon rumbles!
You kill the tormentor!
Ka-crash!
HP restored.
There is a stone staircase leading up here.
You climb upwards.
There is a stone staircase leading down here.
You enter the shallow water.
Moving in this stuff is going to be slow.
There is a staircase leading out of the dungeon here.
You have escaped!

##.# #.# ...# #.#
######### #.#
........########.########
#######.#≈≈≈≈≈≈≈.≈≈≈≈≈≈≈#
#.#≈≈≈≈≈.....≈≈≈≈≈#
#.#≈≈....~~~....≈≈#
#.#≈...~~~.~~~...≈#
#.....~~~.@..~~..≈#
###≈...~~~.~~~...≈#
#≈≈....~~~[...≈≈#
#≈≈≈≈≈.....≈≈≈≈≈#
#≈≈≈≈≈≈≈≈≈≈≈≈≈≈≈#
#################


There were no monsters in sight!

Vanquished Creatures
  53 pandemonium lords
  Antaeus (Coc:7)
  the Royal Jelly (Slime:5)
  Ereshkigal (Tar:7)
  the Serpent of Hell (Geh:7)
  2 seraphim (Zig:21)
  Dispater (Dis:7)
  9 orbs of fire
  50 ancient liches
  54 dread liches
  Mara (Swamp:3)
  11 juggernauts
  Sojobo (Depths:2)
  57 royal mummies
  Boris (twice) (Elf:2 Depths:3)
  14 shard shrikes
  Bai Suzhen (Depths:1)
  A Head Instructor (WizLab)
  33 Killer Klowns
  Geryon (Hell)
  4 curse toes
  70 caustic shrikes
  Saint Roka (Orc:2)
  Nikola (Vaults:3)
  43 golden dragons
  15 profane servitors
  42 bone dragons
  58 pearl dragons
  13 doom hounds
  Arachne (Spider:2)
  31 iron giants
  35 Tzitzimimeh
  22 electric golems
  38 Brimstone Fiends
  65 Hell Sentinels
  The ghost of Shym the Metamorph, an adept DrEn of Makhleb (Vaults:2)
  2 spectral shard shrikes
  51 hellephants
  A walking crystal tome (Zig:23)
  49 Ice Fiends
  39 tentacled monstrosities
  49 deep elf master archers
  7 walking frostbound tomes
  38 deep elf blademasters
  26 Orb Guardians
  14 tainted leviathans
  46 liches
  30 searing wretches
  2 quicksilver dragons (shapeshifter) (Zig:21)
  37 Executioners
  A walking divine tome (Zig:23)
  29 sphinxes
  2 sphinxes (shapeshifter)
  127 acid blobs
  8 quicksilver dragons
  54 ancient champions
  62 titans
  58 tentacled starspawn
  8 thorn hunters
  5 death cobs
  8 shadow dragons
  Agnes (D:15)
  Frances (Swamp:2)
  A fenstrider witch (shapeshifter) (Zig:21)
  56 revenants
  31 tengu reavers
  36 storm dragons
  Donald (Spider:3)
  An azure jelly (shapeshifter) (Zig:21)
  78 nagarajas
  21 fenstrider witches
  Roxanne (D:15)
  47 azure jellies
  56 daevas
  36 rockslimes
  A shadow dragon (shapeshifter) (Zig:21)
  17 fire giants
  47 draconian monks
  40 demonspawn warmongers
  20 frost giants
  72 draconian knights
  12 narguns
  26 protean progenitors
  19 deep elf sorcerers
  22 emperor scorpions
  A fire giant (shapeshifter) (Zig:19)
  2 frost giants (shapeshifter)
  55 draconian scorchers
  49 draconian shifters
  19 iron dragons
  7 juggernaut zombies
  30 vault wardens
  61 balrugs
  7 shard shrike simulacra
  41 quicksilver elementals
  Louise (Spider:1)
  6 deep elf elementalists
  47 angels
  101 orc warlords
  57 ghost moths
  4 caustic shrike zombies
  A spectral caustic shrike (Tar:1)
  34 draconian stormcallers
  19 ghouls
  32 curse skulls
  19 ironbound preservers
  50 demonspawn corrupters
  33 cacodemons
  32 demonspawn blood saints
  44 vampire knights
  30 quicksilver oozes
  4 caustic shrike skeletons
  20 broodmothers
  46 draconian annihilators
  6 spriggan defenders
  30 formless jellyfish
  61 reapers
  3 juggernaut skeletons
  89 stone giants
  28 green draconians
  5 ironbound thunderhulks
  Nessos (D:12)
  40 ophanim
  38 apis
  33 demonspawn black suns
  27 black draconians
  32 very ugly things
  8 elemental wellsprings
  22 bennus
  32 purple draconians
  42 war gargoyles
  36 lorocyprocas
  46 dire elephants
  A minotaur (shapeshifter) (Zig:18)
  21 putrid mouths
  24 red draconians
  17 bunyips
  53 deep elf annihilators
  41 deep elf demonologists
  18 eleionomae
  15 wendigos
  30 yellow draconians
  27 white draconians
  31 spark wasps
  23 deep elf death magi
  47 green deaths
  46 blizzard demons
  63 eidola
  21 jiangshi
  2 quicksilver dragon zombies
  A bunyip (shapeshifter) (Zig:19)
  47 merfolk javelineers
  15 crystal guardians
  50 iron golems
  27 ettins
  7 fire dragons
  51 mummy priests
  62 deep elf high priests
  2 spectral krakens (Zig:18)
  33 merfolk impalers
  23 great orbs of eyes
  41 yaktaur captains
  A quicksilver dragon skeleton (Tomb:3)
  56 entropy weavers
  A spectral spriggan (Tar:1)
  2 entropy weavers (shapeshifter)
  12 spriggan zombies
  17 shambling mangroves
  3 rakshasas
  35 vault guards
  39 spriggan air magi
  13 ogre magi
  28 hell beasts
  22 alligators
  56 hydras
  A fenstrider witch zombie (Tomb:1)
  4 ice dragons (Depths:4)
  29 catoblepae
  12 caustic shrike simulacra
  4 jorogumos
  2 servants of whispers (Zig:18)
  64 salamander tyrants
  Erica (D:10)
  An alligator snapping turtle (shapeshifter) (Zig:21)
  6 merfolk avatars
  2 peacekeepers
  3 spriggan skeletons
  An alligator (shapeshifter) (Zig:18)
  A catoblepas (shapeshifter) (Zig:18)
  18 boulder beetles
  88 merfolk aquamancers
  18 radroaches
  22 anacondas
  15 two-headed ogres
  12 alligator snapping turtles
  16 ironbound frosthearts
  13 ghost crabs
  14 juggernaut simulacra
  20 satyrs
  75 dancing weapons
  8 stokers
  12 centaur warriors
  3 anacondas (shapeshifter)
  A boulder beetle (shapeshifter) (Zig:19)
  5 death knights
  12 deep troll shamans
  74 death scarabs
  22 naga warriors
  2 sphinx skeletons (Zig:25)
  24 death yaks
  10 tengu warriors
  A spectral dire elephant (Tar:3)
  2 two-headed ogres (shapeshifter)
  The ghost of Torious the Destroyer, a journeyman DECj of Sif Muna (Lair:2)
  45 thrashing horrors
  94 orc high priests
  28 hell hogs
  5 occultists
  56 vampire magi
  A titan zombie (Zig:27)
  37 demonic crawlers
  32 soul eaters
  14 deep troll earth magi
  56 naga sharpshooters
  2 titan skeletons
  10 hell knights
  2 shock serpents (shapeshifter) (Zig:21)
  50 shock serpents
  31 sun demons
  3 storm dragon zombies
  17 skeletal warriors
  A storm dragon skeleton (Zig:27)
  2 iron trolls (shapeshifter) (Zig:21)
  64 wretched stars
  5 spriggan berserkers
  52 deep elf knights
  19 goliath frogs
  27 crystal echidnas
  36 skysharks
  A skyshark (shapeshifter) (Zig:19)
  Amaemon (Lair:1)
  27 iron trolls
  14 spatial maelstroms
  A deep troll (shapeshifter) (Zig:7)
  A goliath frog (shapeshifter) (Zig:23)
  3 spark wasp zombies
  8 salamander mystics
  23 sixfirhies
  37 pharaoh ants
  38 shadow wraiths
  4 death drakes
  4 fire crabs
  A ghost moth zombie (Crypt:1)
  5 quicksilver dragon simulacra
  32 sea snakes
  31 cherubim
  30 flayed ghosts
  14 glowing orange brains
  A mana viper (shapeshifter) (Zig:19)
  A golden dragon zombie (Hell)
  21 mana vipers
  2 glowing orange brains (shapeshifter)
  40 spriggan druids
  An anaconda zombie (Crypt:3)
  10 arcanists
  14 bog bodies
  25 shadow demons
  A death drake (shapeshifter) (Zig:21)
  7 sun moths
  34 orb spiders
  3 orb spiders (shapeshifter)
  2 kraken simulacra (Zig:18)
  2 sun moths (shapeshifter)
  55 deep elf archers
  15 obsidian statues
  34 deep trolls
  6 sea snakes (shapeshifter)
  11 orange crystal statues
  13 harpies
  10 naga ritualists
  3 steelbarb worms (shapeshifter)
  34 orc knights
  23 steelbarb worms
  9 spriggan simulacra
  85 deep elf pyromancers
  3 shadow dragon zombies
  8 lindwurms
  The ghost of PanSaczeczos the Fighter, a novice HuCK of Xom (D:6)
  69 deep elf zephyrmancers
  34 phantasmal warriors
  19 necromancers
  22 swamp dragons
  4 bunyip skeletons (Crypt:3)
  2 golden dragon skeletons
  3 shadow dragon skeletons (Zig:27)
  2 anaconda skeletons
  33 ironbound convokers
  A wolf spider (shapeshifter) (Zig:18)
  14 ugly things
  2 fauns (shapeshifter)
  A frost giant zombie (Hell)
  4 iron dragon zombies
  2 stone giant zombies (Hell)
  58 wolf spiders
  2 tengu skeletons (Zig:27)
  17 cyclopes
  An ugly thing (shapeshifter) (Zig:18)
  5 shining eyes (shapeshifter)
  51 orc sorcerers
  14 fauns
  7 salamanders
  An oklob plant (Zig:21)
  56 manticores
  22 will-o-the-wisps
  A glowing shapeshifter (Zig:11)
  67 moths of wrath
  An iron dragon skeleton (Zig:25)
  8 worldbinders
  Joseph (D:8)
  31 shining eyes
  7 meliai
  A manticore (shapeshifter) (Zig:18)
  2 dire elephant zombies
  A toenail golem (D:12)
  32 guardian serpents
  A meliai (shapeshifter) (Zig:1)
  6 elephants
  An elephant (shapeshifter) (Zig:19)
  2 water nymphs (shapeshifter)
  4 titan simulacra
  2 guardian serpents (shapeshifter)
  18 merfolk sirens
  A mana viper zombie (Crypt:2)
  36 naga magi
  3 black mambas (shapeshifter)
  34 vault sentinels
  49 kobold blastminers
  10 rust devils
  13 orange demons
  47 smoke demons
  4 eyes of devastation (shapeshifter)
  108 black mambas
  66 torpor snails
  9 ice statues
  90 water nymphs
  53 large abominations
  18 eyes of devastation
  9 gargoyles
  A storm dragon simulacrum (Coc:1)
  3 torpor snails (shapeshifter)
  2 dire elephant skeletons
  An alligator snapping turtle zombie (Crypt:3)
  39 cane toads
  10 molten gargoyles
  18 apocalypse crabs
  A cane toad (shapeshifter) (Lair:5)
  56 hellions
  2 efreet
  A black draconian zombie (Crypt:1)
  Jeremiah (D:8)
  Maggie (D:8)
  26 komodo dragons
  67 yaktaurs
  A bunyip simulacrum (Coc:1)
  19 rime drakes
  An unseen horror zombie (Crypt:1)
  13 freezing wraiths
  62 tormentors
  6 anaconda simulacra
  2 silent spectres
  94 guardian mummies
  14 ice devils
  8 tengu conjurers
  5 golden dragon simulacra
  46 ancient zymes
  3 merfolk (shapeshifter)
  2 harpy zombies
  7 red devils
  An iron giant simulacrum (Coc:4)
  A queen bee (shapeshifter) (Elf:3)
  56 merfolk
  A troll (shapeshifter) (Zig:4)
  A spectral harpy (Tar:2)
  21 glass eyes
  50 hornets
  24 trolls
  7 bloated husks
  28 hellwings
  17 tyrant leeches
  24 wind drakes
  32 blink frogs
  A tengu simulacrum (Zig:27)
  7 polar bears
  24 snapping turtles
  A shadow dragon simulacrum (Coc:1)
  45 tarantellas
  A hydra skeleton (Tomb:2)
  19 dream sheep
  A raiju (shapeshifter) (Lair:5)
  37 raiju
  2 snapping turtles (shapeshifter)
  A meliai zombie (Crypt:1)
  6 harpy skeletons
  49 jumping spiders
  A spectral black mamba (Tar:2)
  4 stone giant simulacra
  4 ettin zombies
  A jumping spider (shapeshifter) (Zig:15)
  A culicivora (shapeshifter) (D:15)
  50 culicivoras
  26 ynoxinuls
  19 air elementals
  149 slime creatures
  31 spriggans
  29 water elementals
  8 wyverns
  A black mamba zombie (Crypt:3)
  2 centaur simulacra
  2 vampires
  8 small abominations (Lair:5)
  An ettin skeleton (Crypt:1)
  A spriggan (shapeshifter) (Vaults:2)
  A fire dragon skeleton (Tomb:1)
  A human (shapeshifter) (D:14)
  48 yaks
  8 fire elementals
  11 wraiths
  2 humans (D:13)
  13 basilisks
  An alligator snapping turtle simulacrum (Coc:1)
  6 dire elephant simulacra
  84 redbacks
  46 ushabtiu
  40 wargs
  31 neqoxecs
  24 golden eyes
  A steam dragon (Lair:1)
  A warg (shapeshifter) (Zig:19)
  A redback (shapeshifter) (Zig:23)
  15 chaos spawn
  36 vampire mosquitoes
  A merfolk zombie (Crypt:2)
  2 spatial vortices (Zig:25)
  10 harpy simulacra
  2 swamp worms (shapeshifter)
  21 swamp worms
  25 nagas
  54 water moccasins
  A naga (shapeshifter) (D:14)
  3 hydra simulacra
  2 deep troll zombies
  3 hell hounds
  Duvessa (D:6)
  2 acid dragons
  2 naga skeletons
  A fire bat skeleton (Crypt:2)
  A deep troll skeleton (Crypt:1)
  A glowing shapeshifter skeleton (Crypt:1)
  A demonspawn skeleton (Crypt:2)
  A sky beast (D:8)
  14 swamp drakes
  170 orc warriors
  A crocodile (shapeshifter) (Zig:16)
  An ice beast (shapeshifter) (Zig:20)
  An ogre (shapeshifter) (Zig:16)
  2 black bears (Lair:2)
  25 laughing skulls
  2 ettin simulacra
  22 wolves
  92 ogres
  15 centaurs
  3 kobold brigands
  7 scorpions
  6 naga simulacra
  12 bullfrogs
  17 earth elementals
  A cane toad simulacrum (Lair:2)
  4 necrophages
  8 wights
  2 wyvern skeletons (Crypt:3)
  A lindwurm simulacrum (IceCv)
  A water moccasin skeleton (Crypt:1)
  Dowan (D:6)
  An elephant simulacrum (Lair:2)
  18 killer bees
  8 howler monkeys
  5 electric eels
  3 centaur zombies
  A wolf skeleton (Crypt:2)
  14 jellies (Lair:4)
  A human zombie (Crypt:2)
  A komodo dragon simulacrum (Lair:2)
  36 orc priests
  A bombardier beetle (D:5)
  A cerulean imp (Zig:25)
  A gnoll bouda (D:6)
  152 starcursed masses
  A hound (D:5)
  A water moccasin simulacrum (Lair:2)
  2 sleepcaps
  39 orc wizards
  4 hell rats
  A yak simulacrum (Lair:2)
  2 naga zombies
  3 tengu zombies
  135 mummies
  7 adders
  4 gnolls
  A river rat (D:6)
  2 shadow imps
  2 white imps
  An ufetubus (Abyss:2)
  4 ribbon worms
  A ribbon worm (shapeshifter) (Zig:5)
  2 dart slugs
  70 orcs
  8 ball pythons
  10 endoplasms
  3 giant cockroaches
  11 goblins
  9 hobgoblins
  3 jackals (D:1)
  7 quokkas
  4 bats
  2 frilled lizards
  A hobgoblin skeleton (Crypt:2)
  A jackal skeleton (Crypt:2)
  34 kobolds
  2 rats
  40 aspiring fleshes
  11 fire vortices
  A lurking horror (Dis:1)
  A spectral weapon (Zig:21)
  24 starspawn tentacles
  2 tentacles (Zig:18)
10843 creatures vanquished.

Vanquished Creatures (collateral kills)
  Asmodeus (Geh:7)
  A seraph (Zig:20)
  6 dread liches
  9 ancient liches
  4 juggernauts
  4 pandemonium lords
  3 shard shrikes (Coc:7)
  16 caustic shrikes
  3 profane servitors
  3 pearl dragons
  11 golden dragons
  2 Tzitzimimeh (Tar:7)
  4 bone dragons
  A doom hound (Tar:7)
  6 iron giants
  5 Brimstone Fiends
  4 hellephants
  8 electric golems (Zig:23)
  4 Ice Fiends (Coc:7)
  13 Hell Sentinels
  3 tentacled monstrosities
  A deep elf blademaster (Zig:25)
  4 tainted leviathans (Tar:7)
  3 titans
  4 searing wretches
  A deep elf master archer (Zig:6)
  A tentacled starspawn (Zig:25)
  7 acid blobs
  An eldritch tentacle (Zig:18)
  2 ancient champions (Dis:7)
  3 Executioners
  A shadow dragon (Zig:7)
  A draconian monk (Zig:26)
  A demonspawn warmonger (Zig:26)
  A nagaraja (Zig:18)
  3 draconian knights
  25 rockslimes
  2 azure jellies
  A quicksilver elemental (Zig:27)
  6 fire giants
  A daeva (Zig:20)
  A revenant (Zig:13)
  4 draconian scorchers
  An iron dragon (Zig:16)
  A curse skull (Zig:24)
  A vault warden (Zig:7)
  9 balrugs
  3 emperor scorpions
  A cacodemon (Zig:11)
  2 reapers
  2 quicksilver oozes (Zig:19)
  11 orc warlords
  8 demonspawn blood saints
  2 demonspawn corrupters
  A formless jellyfish (Zig:27)
  A very ugly thing (Zig:23)
  3 ironbound preservers
  An ophan (Zig:9)
  3 elemental wellsprings (Coc:7)
  A stone giant (Zig:6)
  2 apis (Zig:20)
  2 green draconians
  2 putrid mouths
  3 deep elf annihilators
  An eleionoma (Zig:17)
  4 lorocyprocas
  4 war gargoyles
  A deep elf death mage (Zig:13)
  4 white draconians
  5 dire elephants
  A purple draconian (Zig:26)
  3 blizzard demons
  4 eidola
  A red draconian (Zig:10)
  A merfolk javelineer (Zig:25)
  3 entropy weavers
  8 iron golems
  A crystal guardian (Zig:22)
  A jiangshi (Zig:24)
  A deep elf high priest (Zig:25)
  An ice dragon (Depths:1)
  A rakshasa (Abyss:3)
  2 great orbs of eyes
  2 caustic shrike simulacra
  21 salamander tyrants
  A radroach (Zig:21)
  2 hydras
  2 boulder beetles
  3 merfolk aquamancers
  A merfolk avatar (Zig:20)
  An alligator (Zig:17)
  3 alligator snapping turtles (Zig:25)
  2 stokers (Geh:7)
  15 dancing weapons
  A two-headed ogre (Zig:8)
  A death yak (Lair:2)
  4 orc high priests
  A demonic crawler (Zig:22)
  A naga warrior (Zig:18)
  2 naga sharpshooters
  4 thrashing horrors
  14 hell hogs
  A shock serpent (Zig:23)
  A spectral dire elephant (Tar:1)
  5 shadow wraiths
  A crystal echidna (Dis:4)
  A deep elf knight (Zig:25)
  An iron troll (shapeshifter) (Zig:21)
  2 sun demons
  7 wretched stars
  11 iron trolls
  7 spatial maelstroms
  2 pharaoh ants (Zig:6)
  3 skysharks (Zig:18)
  An orb spider (Zig:22)
  2 salamander mystics
  4 sun moths
  9 cherubim
  2 sea snakes
  An orange crystal statue (Zig:17)
  An obsidian statue (Zig:17)
  A shadow demon (Zig:22)
  A spriggan druid (Zig:24)
  An ironbound convoker (Zig:19)
  A deep elf archer (Zig:17)
  A steelbarb worm (Zig:22)
  A starcursed mass (Zig:24)
  2 orc knights
  2 harpies (Zig:25)
  A deep elf pyromancer (Zig:15)
  7 deep elf zephyrmancers
  4 orc sorcerers
  2 manticores (Zig:25)
  A salamander (Zig:13)
  A worldbinder (Abyss:3)
  A vault sentinel (Zig:11)
  A moth of wrath (Zig:22)
  2 elephants
  5 apocalypse crabs
  4 black mambas
  3 guardian serpents
  5 smoke demons
  A kobold blastminer (Zig:8)
  3 naga magi
  A water nymph (Abyss:3)
  A merfolk siren (Zig:25)
  2 spectral centaurs (Tar:1)
  2 molten gargoyles (Geh:7)
  A gargoyle (Zig:22)
  An eye of devastation (Zig:19)
  A titan simulacrum (Coc:1)
  3 cane toads
  2 torpor snails
  3 hellions
  A freezing wraith (Coc:1)
  An ancient zyme (Zig:26)
  2 tormentors
  2 anaconda simulacra
  3 red devils
  A hellwing (Zig:26)
  2 trolls
  2 wind drakes
  A raiju (shapeshifter) (Zig:11)
  A glass eye (Zig:16)
  18 slime creatures
  3 air elementals
  A ynoxinul (D:14)
  A yak (Zig:24)
  15 fire elementals
  A warg (Zig:14)
  2 golden eyes (Zig:19)
  A neqoxec (Abyss:3)
  A harpy simulacrum (IceCv)
  A naga (Zig:13)
  A water moccasin (Zig:24)
  15 orc warriors
  6 ogres
  A laughing skull (Zig:25)
  2 wolves
  14 earth elementals
  3 wights (D:10)
  4 orc priests
  2 orc wizards
  An aspiring flesh (Zig:21)
  6 ball lightnings
  37 boulders
  A creeping inferno (Geh:7)
  A fire vortex (Geh:7)
  A starspawn tentacle (Zig:25)
658 creatures vanquished.

Vanquished Creatures (others)
  4 pandemonium lords
  2 Killer Klowns (Zig:18)
  A caustic shrike (Zig:22)
  A golden dragon (Zig:18)
  A profane servitor (Zig:5)
  A bone dragon (Zig:25)
  2 iron giants (Zig:22)
  A tentacled monstrosity (Zig:10)
  An Ice Fiend (Zig:18)
  3 eldritch tentacles
  A fenstrider witch (shapeshifter) (Zig:21)
  A balrug (Zig:21)
  A reaper (Zig:23)
  A formless jellyfish (Zig:21)
  A very ugly thing (Zig:18)
  A draconian stormcaller (Zig:26)
  A stone giant (shapeshifter) (Zig:21)
  An eleionoma (shapeshifter) (Zig:21)
  A blizzard demon (Zig:23)
  A bunyip (Zig:10)
  A green death (Zig:10)
  4 entropy weavers (Zig:22)
  An alligator (Swamp:4)
  4 salamander tyrants
  A dancing weapon (Zig:10)
  A thrashing horror (Zig:20)
  A spriggan berserker (Depths:1)
  2 sixfirhies (Zig:23)
  A mana viper (shapeshifter) (Zig:21)
  A spriggan druid (Zig:10)
  A bog body (Zig:10)
  A harpy (shapeshifter) (Zig:21)
  2 deep elf zephyrmancers
  2 apocalypse crabs (Zig:21)
  A water nymph (Zig:25)
  A vault sentinel (Zig:23)
  A golden dragon simulacrum (Coc:5)
  4 bloated husks
  A hornet (Zig:18)
  2 air elementals
  A dire elephant simulacrum (Coc:4)
  3 water elementals
  A ynoxinul (Zig:25)
  2 vampire mosquitoes
  6 spatial vortices (Abyss:3)
  3 chaos spawn (Zig:21)
  A neqoxec (Zig:15)
  A water moccasin (Zig:21)
  76 ball lightnings
  45 boulders
  A creeping inferno (Geh:4)
  2 fire vortices
  31 foxfires
  22 starspawn tentacles
  8 tentacles (Zig:18)
263 creatures vanquished.

Grand Total: 11764 creatures vanquished

Notes
Turn   | Place    | Note
-------+----------+-------------------------------------------
     0 | D:1      | swap the Ghoul Alchemist began the quest for the Orb.
     0 | D:1      | Reached XP level 1. HP: 14/14 MP: 3/3
    34 | D:1      | Reached skill level 1 in Conjurations
   228 | D:1      | Reached XP level 2. HP: 18/20 MP: 2/4
   546 | D:1      | Found a faded altar of an unknown god.
   775 | D:1      | Reached XP level 3. HP: 26/26 MP: 1/6
   839 | D:1      | Learned a level 3 spell: Mephitic Cloud
  1259 | D:1      | Found a faded altar of an unknown god.
  1990 | D:2      | Reached skill level 1 in Air Magic
  2159 | D:2      | Identified the +4 dagger "Toydegiat" {holy, *Rage rF+ rCorr
                  | Str+4}
  2368 | D:2      | Reached XP level 4. HP: 33/33 MP: 4/7
  4807 | D:4      | Noticed a scorpion
  4844 | D:4      | Killed a scorpion
  4845 | D:4      | Reached XP level 5. HP: 38/38 MP: 3/9
  4850 | D:4      | Learned a level 4 spell: Olgreb's Toxic Radiance
  5226 | D:4      | Reached XP level 6. HP: 45/45 MP: 1/10
  6420 | D:5      | Entered Level 5 of the Dungeon
  6643 | D:5      | Reached skill level 5 in Alchemy
  6643 | D:5      | Reached XP level 7. HP: 50/50 MP: 11/11
  6847 | D:5      | Found a radiant altar of Vehumet.
  6848 | D:5      | Found a staircase to the Ecumenical Temple.
  7142 | Temple   | Entered the Ecumenical Temple
  7149 | Temple   | Became a worshipper of Gozag Ym Sagoz the Greedy
  7443 | D:5      | Reached skill level 1 in Fighting
  7568 | D:5      | Found an ornate altar of the Wu Jian Council.
  7630 | D:5      | Identified the +7 spear of Chagrin {freeze, ^Drain rN+++
                  | Int+2 Stlth+}
  7770 | D:6      | Reached XP level 8. HP: 63/63 MP: 5/14
  7878 | D:6      | Found a runed translucent door.
  8078 | D:6      | Noticed PanSaczeczos's ghost (novice HuCK)
  8087 | D:6      | Noticed Duvessa
  8118 | D:6      | Noticed Dowan
  8128 | D:6      | Killed Dowan
  8129 | D:6      | Reached skill level 5 in Fighting
  8138 | D:6      | Killed Duvessa
  8423 | D:6      | Found a runed translucent door.
  9566 | D:6      | Found a runed translucent door.
 11180 | D:7      | Reached XP level 9. HP: 75/75 MP: 15/15
 11568 | D:8      | Noticed a two-headed ogre
 11579 | D:8      | Noticed Maggie
 11640 | D:8      | Found a flagged portal.
 11649 | Bailey   | Entered a bailey
 11669 | Bailey   | Noticed an orc warlord
 11891 | Bailey   | Reached skill level 5 in Spellcasting
 12004 | Bailey   | Found a runed translucent gate.
 12004 | Bailey   | Found a runed translucent gate.
 12004 | Bailey   | Found a runed translucent gate.
 12206 | Bailey   | Killed an orc warlord
 12348 | Bailey   | Learned a level 4 spell: Sticky Flame
 12381 | D:8      | Noticed Joseph
 12407 | D:8      | Killed Joseph
 12556 | D:8      | Reached XP level 10. HP: 68/83 MP: 9/20
 12987 | D:8      | Killed a two-headed ogre
 12988 | D:8      | Reached skill level 5 in Fire Magic
 13310 | D:8      | Noticed Jeremiah
 13324 | D:8      | Killed Jeremiah
 13325 | D:8      | Reached skill level 1 in Evocations
 13649 | D:8      | Killed Maggie
 14476 | D:9      | Found a staircase to the Orcish Mines.
 14804 | D:9      | Found a bloodstained altar of Trog.
 14807 | D:9      | Found a snail-covered altar of Cheibriados.
 15069 | D:9      | Reached skill level 5 in Evocations
 15298 | D:9      | Found a bloodstained altar of Trog.
 15302 | D:9      | Found a snail-covered altar of Cheibriados.
 15390 | D:9      | Found a staircase to the Orcish Mines.
 15920 | D:10     | Entered Level 10 of the Dungeon
 15961 | D:10     | Noticed Erica
 15974 | D:10     | Killed Erica
 15975 | D:10     | Reached XP level 11. HP: 45/89 MP: 1/21
 16307 | D:10     | Learned a level 4 spell: Dispel Undead
 16443 | D:10     | Reached skill level 1 in Necromancy
 16533 | D:10     | Identified the +6 chain mail "Seban" {*Corrode Str+5}
 17008 | D:11     | Noticed a two-headed ogre
 17037 | D:11     | Killed a two-headed ogre
 17313 | D:11     | Reached skill level 5 in Necromancy
 17362 | D:11     | Found a staircase to the Lair.
 17593 | Lair:1   | Entered Level 1 of the Lair of Beasts
 17774 | D:11     | Found Raekud's Jewellery Shop.
 17894 | D:11     | Bought a ring of magical power for 280 gold pieces
 18036 | D:11     | Identified the amulet of Vozxan {Spirit ^Drain +Blink rPois
                  | Str-2}
 18143 | D:11     | Noticed a cyclops
 18153 | D:11     | Killed a cyclops
 18338 | D:11     | You fall into a shaft and drop 2 floors!
 18340 | D:13     | Noticed a death yak
 18340 | D:13     | Noticed a death yak
 18340 | D:13     | Noticed a death yak
 18404 | D:13     | Noticed a cyclops
 18407 | D:13     | Noticed a vault guard
 18411 | D:13     | Noticed a +5 long sword
 18426 | D:13     | Killed a cyclops
 18623 | D:12     | Learned a level 3 spell: Vampiric Draining
 18696 | D:12     | Noticed a two-headed ogre
 18711 | D:12     | Killed a two-headed ogre
 18971 | D:12     | Noticed a cyclops
 18985 | D:12     | Killed a cyclops
 18986 | D:12     | Reached XP level 12. HP: 97/97 MP: 14/22
 19175 | D:12     | Noticed a boulder beetle
 19186 | D:12     | Killed a boulder beetle
 19237 | D:12     | Noticed Nessos
 19250 | D:12     | Killed Nessos
 19295 | D:12     | Noticed a centaur warrior
 19317 | D:12     | Killed a centaur warrior
 20224 | D:11     | Found Raekud's Jewellery Shop.
 20422 | D:11     | Found a staircase to the Lair.
 20978 | Lair:1   | Bought a pair of embroidered gloves for 202 gold pieces
 21200 | Lair:1   | Learned a level 4 spell: Martyr's Knell
 21327 | Lair:1   | Reached skill level 1 in Summonings
 22109 | Lair:1   | Reached skill level 5 in Summonings
 22223 | Lair:1   | Noticed Amaemon
 22236 | Lair:1   | Killed Amaemon
 22406 | Lair:1   | Identified the +5 sling "Cynlim" {heavy, rC+ rN+ Int+5}
 22409 | Lair:1   | Identified the +10 hand axe "Ghoul's Curse" {freeze, rF+++
                  | rC- Int-5 Dex+3}
 23117 | Lair:1   | Found Ikloleos's Magic Scroll Shoppe.
 23117 | Lair:1   | Found Yppimnau's Antique Armour Shoppe.
 23343 | Lair:2   | Found a hole to the Spider Nest.
 23346 | Lair:2   | Reached skill level 1 in Maces & Flails
 23352 | Lair:2   | Noticed a death yak
 23354 | Lair:2   | Noticed a death yak
 23354 | Lair:2   | Noticed a death yak
 23358 | Lair:2   | Noticed a death yak
 23536 | Lair:2   | Killed a death yak
 23537 | Lair:2   | Reached XP level 13. HP: 105/105 MP: 0/23
 23813 | Lair:2   | Found a staircase to the Swamp.
 24161 | Lair:2   | Reached skill level 5 in Maces & Flails
 24630 | Lair:2   | Noticed Torious's ghost (journeyman DECj)
 24653 | Lair:2   | Found a runed translucent gate.
 24653 | Lair:2   | Found a runed translucent gate.
 24653 | Lair:2   | Found a runed translucent gate.
 25184 | Lair:2   | Found a hole to the Spider Nest.
 25289 | Lair:2   | Found a runed translucent gate.
 25289 | Lair:2   | Found a runed translucent gate.
 25289 | Lair:2   | Found a runed translucent gate.
 25361 | Lair:2   | Found a staircase to the Swamp.
 26214 | Lair:2   | Killed Torious's ghost
 26647 | Lair:2   | Identified the ring "Jaeger" {Fire Str+3}
 26758 | Lair:1   | Bought a scroll of identify for 28 gold pieces
 26758 | Lair:1   | Bought a scroll of identify for 28 gold pieces
 26795 | Lair:1   | Learned a level 4 spell: Ignite Poison
 26913 | Lair:2   | Found a staircase to the Swamp.
 27367 | Lair:2   | Found a hole to the Spider Nest.
 30364 | Lair:4   | Reached XP level 14. HP: 81/116 MP: 25/25
 30572 | Lair:4   | Found a staircase to the Slime Pits.
 30572 | Lair:4   | Found a viscous altar of Jiyva.
 31737 | Lair:4   | Found a viscous altar of Jiyva.
 31737 | Lair:4   | Found a staircase to the Slime Pits.
 32367 | Lair:4   | Found a staircase to the Slime Pits.
 32367 | Lair:4   | Found a viscous altar of Jiyva.
 32782 | Lair:5   | Entered Level 5 of the Lair of Beasts
 32857 | Lair:4   | Learned a level 5 spell: Freezing Cloud
 33029 | Lair:5   | Reached skill level 1 in Ice Magic
 34693 | Lair:5   | Reached skill level 5 in Conjurations
 35231 | Lair:5   | Found a corrupted altar of Lugonu.
 35231 | Lair:5   | Found a one-way gate to the infinite horrors of the Abyss.
 36468 | Orc:1    | Entered Level 1 of the Orcish Mines
 36978 | Orc:2    | Entered Level 2 of the Orcish Mines
 36983 | Orc:2    | Reached skill level 5 in Ice Magic
 37221 | Orc:2    | Found Gakhul's Antique Armour Emporium.
 37230 | Orc:2    | Noticed Saint Roka
 37262 | Orc:2    | Killed Saint Roka
 37263 | Orc:2    | Reached XP level 15. HP: 88/123 MP: 4/28
 37422 | Orc:1    | Noticed an orc warlord
 37433 | Orc:1    | Killed an orc warlord
 37497 | Orc:2    | Bought a shimmering scarf for 260 gold pieces
 37497 | Orc:2    | Identified the scarf of Beyond {harm, Fly Int+3 Dex+5} (You
                  | bought it in a shop on level 2 of the Orcish Mines)
 37906 | Orc:2    | Bought the +3 robe of Clouds {*Thunder rCloud rElec} for
                  | 772 gold pieces
 37906 | Orc:2    | Found the +3 robe of Clouds {*Thunder rCloud rElec}
 38185 | Orc:2    | Reached skill level 5 in Air Magic
 38400 | Orc:2    | Found Woakk's Antique Weapon Shop.
 38400 | Orc:2    | Found Egapt's Assorted Antiques.
 38404 | Orc:2    | Found Weybea's General Store.
 38404 | Orc:2    | Found Zybap's Weapon Emporium.
 38413 | Orc:2    | Bought a viscous purple potion for 32 gold pieces
 38413 | Orc:2    | Bought a viscous purple potion for 32 gold pieces
 38649 | Orc:2    | Found a staircase to the Elven Halls.
 38991 | Orc:2    | Found a staircase to the Elven Halls.
 39094 | Orc:2    | Found Woakk's Antique Weapon Shop.
 39094 | Orc:2    | Found Egapt's Assorted Antiques.
 39096 | Orc:2    | Found Weybea's General Store.
 39096 | Orc:2    | Found Zybap's Weapon Emporium.
 39381 | D:6      | Killed PanSaczeczos's ghost
 41387 | D:13     | Found a gate to the Vaults.
 41855 | D:13     | Found a gate to the Vaults.
 43314 | D:14     | Reached skill level 10 in Ice Magic
 43961 | D:14     | Reached skill level 10 in Spellcasting
 43961 | D:14     | Reached XP level 16. HP: 129/129 MP: 30/30
 44502 | D:15     | Entered Level 15 of the Dungeon
 44552 | D:15     | Reached XP level 17. HP: 136/136 MP: 23/31
 45151 | D:15     | Found a shimmering blue altar of Sif Muna.
 45222 | D:15     | Found Reuniups's Assorted Antiques.
 45230 | D:15     | Bought a small bronze ring for 125 gold pieces
 45230 | D:15     | Bought a potion of heal wounds for 125 gold pieces
 45460 | D:15     | Noticed Roxanne
 45590 | D:15     | Noticed Agnes
 45594 | D:15     | Killed Agnes
 45666 | D:15     | Found a staircase to the Depths.
 45999 | D:15     | Found Reuniups's Assorted Antiques.
 46105 | D:15     | Found a shimmering blue altar of Sif Muna.
 46476 | D:15     | Found a staircase to the Depths.
 46826 | Spider:1 | Entered Level 1 of the Spider Nest
 46858 | Spider:1 | Upgraded the game from 0.31-a0-1589-g8f5e8aebd6 to
                  | 0.31-a0-1591-g515db51633
 47007 | Spider:1 | Learned a level 5 spell: Curse of Agony
 47010 | Spider:1 | Learned a level 2 spell: Blink
 47024 | Spider:1 | Reached skill level 1 in Translocations
 47925 | Spider:1 | Reached skill level 5 in Translocations
 49715 | Lair:1   | Bought a scroll of blinking for 105 gold pieces
 49721 | Lair:1   | Learned a level 3 spell: Volatile Blastmotes
 49876 | Spider:2 | Reached skill level 10 in Fighting
 49999 | Lair:1   | Bought the ring of Ascent {Fly rF+ Str+3 SInv} for 588 gold
                  | pieces
 50010 | Lair:1   | Learned a level 5 spell: Fireball
 50164 | Spider:2 | Noticed Louise
 50175 | Spider:1 | Killed Louise
 51374 | Spider:2 | Noticed Arachne
 51592 | Spider:1 | Learned a level 5 spell: Metabolic Englaciation
 51747 | Spider:2 | Reached skill level 1 in Hexes
 51927 | Spider:3 | Found a frozen archway.
 51931 | IceCv    | Entered an ice cave
 52181 | IceCv    | Reached XP level 18. HP: 128/147 MP: 33/33
 53190 | IceCv    | Learned a level 6 spell: Conjure Ball Lightning
 54414 | Spider:3 | Noticed Donald
 54419 | Spider:3 | Killed Donald
 54539 | Spider:3 | Identified the +2 robe of Gucapotri {rN+}
 57140 | Spider:2 | Killed Arachne
 57934 | Spider:4 | Entered Level 4 of the Spider Nest
 58425 | Spider:3 | Learned a level 5 spell: Metabolic Englaciation
 59371 | Spider:4 | Reached skill level 5 in Hexes
 59568 | Spider:4 | Reached skill level 1 in Earth Magic
 60263 | Spider:4 | Reached skill level 5 in Earth Magic
 61463 | Spider:4 | Reached XP level 19. HP: 107/154 MP: 21/35
 61832 | Spider:4 | Got a gossamer rune of Zot
 62739 | Lair:1   | Bought a runed helmet for 202 gold pieces
 62811 | Swamp:1  | Entered Level 1 of the Swamp
 64505 | Swamp:2  | Noticed a tentacled monstrosity
 64913 | Swamp:2  | Killed a tentacled monstrosity
 66099 | Swamp:2  | Noticed Frances
 66105 | Swamp:2  | Killed Frances
 66129 | Swamp:2  | HP: 1/154 [acid (8)]
 67815 | Swamp:3  | Found a transporter.
 67872 | Swamp:3  | Found a transporter.
 67872 | Swamp:3  | Noticed Flugslaktarn's ghost (adept MiFi)
 67880 | Swamp:3  | Noticed Mara
 68004 | Swamp:3  | Reached skill level 5 in Stealth
 68377 | Swamp:3  | Noticed swap's illusion
 68379 | Swamp:3  | Killed Mara
 68873 | Swamp:3  | Found a transporter.
 68989 | Swamp:3  | Found a transporter.
 69088 | Swamp:4  | Entered Level 4 of the Swamp
 70248 | Swamp:4  | Reached skill level 10 in Stealth
 70875 | Swamp:4  | Reached XP level 20. HP: 161/161 MP: 22/37
 71267 | Swamp:4  | Reached skill level 10 in Evocations
 71717 | Swamp:4  | Got a decaying rune of Zot
 72424 | Lair:1   | Bought a tubular silver ring for 160 gold pieces
 72580 | Orc:2    | Bought a potion of curing for 45 gold pieces
 72580 | Orc:2    | Bought a potion of curing for 45 gold pieces
 72580 | Orc:2    | Bought a condenser vane for 600 gold pieces
 72789 | Vaults:1 | Entered Level 1 of the Vaults
 72825 | Vaults:1 | Learned a level 3 spell: Passwall
 76053 | Vaults:2 | Found Moceohei's Assorted Antiques.
 76070 | Vaults:2 | Bought a pair of crude boots for 332 gold pieces
 76070 | Vaults:2 | Identified the +0 pair of boots "Zolonik" {*Slow +Blink rN+
                  | Dex+2} (You bought it in a shop on level 2 of the Vaults)
 76070 | Vaults:2 | Bought an emerald ring for 175 gold pieces
 78002 | Vaults:2 | Found a runed translucent gate.
 78002 | Vaults:2 | Found a runed translucent gate.
 78002 | Vaults:2 | Found a runed translucent gate.
 78004 | Vaults:2 | Noticed Shym's ghost (adept DrEn)
 78251 | Vaults:2 | Killed Shym's ghost
 78617 | Vaults:2 | Identified the ring "Fet Zeun" {MP+9 AC+4}
 78711 | Vaults:2 | Reached skill level 15 in Fighting
 78711 | Vaults:2 | Reached XP level 21. HP: 184/184 MP: 23/38
 79483 | Vaults:2 | Reached skill level 10 in Earth Magic
 79917 | Vaults:2 | Identified the amulet of the Commoners {rElec Regen+ rCorr
                  | Str+2 Stlth+}
 80210 | Vaults:2 | Learned a level 4 spell: Leda's Liquefaction
 80426 | Vaults:2 | Found Moceohei's Assorted Antiques.
 81627 | Vaults:3 | Noticed Nikola
 81641 | Vaults:3 | Killed Nikola
 83019 | Vaults:3 | You are sucked into a shaft and drop 1 floor!
 83054 | Vaults:4 | Reached skill level 10 in Fire Magic
 83075 | Vaults:4 | Found a magical portal.
 83111 | WizLab   | Entered Yara's Duelist Academy
 84163 | WizLab   | Got Yara's Catalogue of the Oath
 84195 | WizLab   | Got Yara's Secrets of Malediction
 84247 | WizLab   | Noticed Hesaogro
 84377 | WizLab   | Killed Hesaogro the Head Instructor
 84434 | Abyss:2  | Cast into level 2 of the Abyss (an occultist)
 84447 | Abyss:2  | Found a corrupted altar of Lugonu.
 84448 | Abyss:2  | Found a corrupted altar of Lugonu.
 84563 | Abyss:2  | Learned a level 3 spell: Passwall
 84630 | Abyss:2  | Found a corrupted altar of Lugonu.
 84633 | Abyss:2  | Found a corrupted altar of Lugonu.
 84863 | WizLab   | Escaped the Abyss
 84961 | WizLab   | Identified the +3 short sword of Vaaneryo {venom, rElec
                  | rC+}
 85421 | Vaults:4 | Found Umamoc's Antique Weapon Boutique.
 85422 | Vaults:4 | Found Vatwo's Jewellery Boutique.
 85657 | Vaults:4 | Found Uzxe Ziu's Antique Weapon Shop.
 85671 | Vaults:4 | Reached XP level 22. HP: 114/192 MP: 28/39
 85798 | Vaults:4 | Found Zougewe's Armour Shop.
 85817 | Vaults:4 | Found Orroug's Assorted Antiques.
 88963 | Vaults:3 | Found a staircase to the Crypt.
 89081 | Vaults:3 | Found a staircase to the Crypt.
 90295 | Elf:1    | Entered Level 1 of the Elven Halls
 90651 | Orc:2    | Learned a level 4 spell: Brom's Barrelling Boulder
 90906 | Elf:1    | Found a huge runed translucent gate.
 90907 | Elf:1    | Found a huge runed translucent gate.
 90908 | Elf:1    | Found a huge runed translucent gate.
 90908 | Elf:1    | Found a huge runed translucent gate.
 90909 | Elf:1    | Found a huge runed translucent gate.
 90910 | Elf:1    | Found a huge runed translucent gate.
 90910 | Elf:1    | Found a huge runed translucent gate.
 90910 | Elf:1    | Found a huge runed translucent gate.
 90910 | Elf:1    | Found a huge runed translucent gate.
 90910 | Elf:1    | Found a huge runed translucent gate.
 90912 | Elf:1    | Found a huge runed translucent gate.
 90912 | Elf:1    | Found a huge runed translucent gate.
 90912 | Elf:1    | Found a huge runed translucent gate.
 90912 | Elf:1    | Found a huge runed translucent gate.
 90912 | Elf:1    | Found a huge runed translucent gate.
 90912 | Elf:1    | Found a huge runed translucent gate.
 90912 | Elf:1    | Found a huge runed translucent gate.
 90912 | Elf:1    | Found a huge runed translucent gate.
 90913 | Elf:1    | Found a huge runed translucent gate.
 90913 | Elf:1    | Found a huge runed translucent gate.
 91374 | Abyss:3  | Cast into level 3 of the Abyss (a deep elf demonologist)
 91400 | Abyss:3  | Found a corrupted altar of Lugonu.
 91401 | Abyss:3  | Found a corrupted altar of Lugonu.
 91457 | Elf:1    | Escaped the Abyss
 91593 | D:11     | Bought a ring of willpower for 350 gold pieces
 91859 | Elf:1    | Found Lenyliwn's Book Boutique.
 92281 | Elf:1    | Found a huge runed translucent gate.
 92281 | Elf:1    | Found a huge runed translucent gate.
 92281 | Elf:1    | Found a huge runed translucent gate.
 92282 | Elf:1    | Found a huge runed translucent gate.
 92282 | Elf:1    | Found a huge runed translucent gate.
 92283 | Elf:1    | Found a huge runed translucent gate.
 92283 | Elf:1    | Found a huge runed translucent gate.
 92283 | Elf:1    | Found a huge runed translucent gate.
 92283 | Elf:1    | Found a huge runed translucent gate.
 92284 | Elf:1    | Found a huge runed translucent gate.
 92284 | Elf:1    | Found a huge runed translucent gate.
 92284 | Elf:1    | Found a huge runed translucent gate.
 92286 | Elf:1    | Found a huge runed translucent gate.
 92286 | Elf:1    | Found a huge runed translucent gate.
 92286 | Elf:1    | Found a huge runed translucent gate.
 92286 | Elf:1    | Found a huge runed translucent gate.
 92287 | Elf:1    | Found a huge runed translucent gate.
 92287 | Elf:1    | Found a huge runed translucent gate.
 92287 | Elf:1    | Found a huge runed translucent gate.
 92287 | Elf:1    | Found a huge runed translucent gate.
 92640 | Elf:1    | Found Lenyliwn's Book Boutique.
 93084 | Elf:2    | Found Uckuasi's Jewellery Emporium.
 93873 | Elf:2    | Found Efaaffie's Assorted Antiques.
 94326 | Elf:2    | Found the +6 arbalest "Damnation" {damnation}
 95079 | Vaults:4 | Bought a scroll of amnesia for 136 gold pieces
 95482 | Elf:2    | Found a runed translucent gate.
 95483 | Elf:2    | Found a runed translucent gate.
 95483 | Elf:2    | Found a runed translucent gate.
 95810 | Elf:3    | Entered Level 3 of the Elven Halls
 95898 | Elf:3    | Paralysed by an air elemental for 1 turns
 96060 | Elf:3    | Noticed Boris
 96076 | Elf:2    | Killed Boris
 96647 | Elf:2    | Learned a level 7 spell: Ozocubu's Refrigeration
 97161 | Elf:3    | Found Mobofearr's Weapon Boutique.
 97982 | Elf:3    | Identified the +5 battleaxe of the Blessed Realm {holy,
                  | rPois rF- Str+3 Dex+3}
 97982 | Elf:3    | Identified the ring "Qader" {rN+ rCorr}
 97994 | Elf:3    | Reached XP level 23. HP: 199/199 MP: 35/41
 98607 | Elf:3    | Identified the +0 chain mail "Bopt" {rElec rF+ Int+2}
 98607 | Elf:3    | Identified the ring "Zanneo" {rN+ MP+9 Slay+3}
 98613 | Elf:3    | Identified the +1 quarterstaff of Urobuutroh {distort,
                  | Dex+4}
 98620 | Elf:3    | Identified the +9 quarterstaff of the Singing Gods {freeze,
                  | rN+ Will+}
 98620 | Elf:3    | Identified the ring "Ijafeph" {Fly rC+ Will- Int+9 SInv}
 98632 | Abyss:3  | Cast into level 3 of the Abyss (a ghostly deep elf
                  | sorcerer)
 98683 | Abyss:3  | Got an abyssal rune of Zot
 98732 | Abyss:3  | Found a corrupted altar of Lugonu.
 98782 | Elf:3    | Escaped the Abyss
 99294 | Elf:3    | Identified the ring "Fucaxzamoh" {rC++ Will- Int+6}
 99467 | Elf:3    | Found the +7 captain's cutlass {speed, disarm}
 99479 | Elf:3    | Got the Vademecum on the Bonfire
 99481 | Elf:3    | Got the Compilation of Rime and the Faeries
 99504 | Elf:3    | Identified the +6 war axe "Killer Klown's Curse" {freeze,
                  | rC+ Dex+3}
 99771 | Elf:3    | Found Mobofearr's Weapon Boutique.
100596 | Depths:1 | Entered Level 1 of the Depths
100837 | Depths:1 | Reached skill level 15 in Ice Magic
100924 | Depths:1 | Found a runed translucent door.
101534 | Depths:1 | Noticed Bai Suzhen
101638 | Depths:1 | Found a runed translucent door.
101638 | Depths:1 | Noticed Abugem's ghost (veteran DgCj)
101786 | Depths:1 | Found a gateway to Hell.
101824 | Depths:1 | You are sucked into a shaft and drop 1 floor!
103100 | Depths:1 | Killed Bai Suzhen
103553 | Depths:1 | Found a runed translucent door.
103892 | Depths:1 | Found a gateway to Hell.
104269 | Depths:2 | Found a one-way gateway to a ziggurat.
104272 | Depths:2 | Identified the storm talisman of Misanthropy {rF- rC+ Will+
                  | Str+2}
104272 | Depths:2 | Noticed Sojobo
104447 | Depths:2 | Found a one-way gate leading to the halls of Pandemonium.
104539 | Depths:2 | Identified the +2 leather armour "Deosaize" {rN+ Will+
                  | Regen+}
104638 | Depths:2 | Found an iron altar of Okawaru.
104910 | Depths:2 | Killed Sojobo
105166 | Depths:2 | Reached skill level 15 in Fire Magic
105324 | Depths:2 | Found a one-way gateway to a ziggurat.
105625 | Depths:2 | Found a one-way gate leading to the halls of Pandemonium.
105690 | Depths:2 | Found an iron altar of Okawaru.
106246 | Crypt:1  | Entered Level 1 of the Crypt
107235 | Crypt:1  | Reached XP level 24. HP: 207/207 MP: 41/41
107643 | Crypt:1  | Reached skill level 15 in Spellcasting
107690 | Crypt:1  | You are sucked into a shaft and drop 1 floor!
111385 | Crypt:3  | Entered Level 3 of the Crypt
111507 | Crypt:3  | Identified the ring of the Original Sin {rElec rN+ Will-
                  | SInv}
111507 | Crypt:3  | Identified the ring of the Chimera {rN+ Str+3 Dex+3}
113016 | Crypt:3  | Found a staircase to the Tomb.
113412 | Crypt:3  | Found an ancient bone altar of Kikubaaqudgha.
113465 | Crypt:3  | Learned a level 8 spell: Ignition
114156 | Crypt:3  | Noticed a dread lich
114170 | Crypt:3  | Paralysed by something for 4 turns
114175 | Crypt:3  | Killed a dread lich
114193 | Crypt:3  | Identified the +4 dagger "Werpheija" {freeze, rElec Dex+3}
114194 | Crypt:3  | Identified the +12 chain mail "Xuufon" {^Drain Int+7 Dex-3
                  | SInv}
115015 | Crypt:3  | Found an ancient bone altar of Kikubaaqudgha.
115085 | Crypt:3  | Found a staircase to the Tomb.
116825 | Slime:1  | Entered Level 1 of the Pits of Slime
117237 | Depths:3 | Noticed Boris
117252 | Depths:3 | Killed Boris
117464 | Depths:3 | Found Oleikhle's Distillery.
117477 | Depths:3 | Found Dipov's Distillery.
117477 | Depths:3 | Found Igor's Assorted Antiques.
117482 | Depths:3 | Bought a potion of heal wounds for 100 gold pieces
117482 | Depths:3 | Found Riagod's Book Emporium.
117485 | Depths:3 | Bought a potion of heal wounds for 80 gold pieces
117513 | Depths:3 | Bought a potion of brilliance for 64 gold pieces
117513 | Depths:3 | Bought a potion of curing for 48 gold pieces
117513 | Depths:3 | Bought a potion of curing for 48 gold pieces
117513 | Depths:3 | Bought a potion of curing for 48 gold pieces
117513 | Depths:3 | Bought a potion of invisibility for 128 gold pieces
117513 | Depths:3 | Bought a potion of curing for 48 gold pieces
117516 | Depths:3 | Bought 2 potions of curing for 120 gold pieces
117516 | Depths:3 | Bought a potion of cancellation for 160 gold pieces
117516 | Depths:3 | Bought a potion of haste for 200 gold pieces
117516 | Depths:3 | Bought a potion of brilliance for 80 gold pieces
117516 | Depths:3 | Bought a potion of haste for 200 gold pieces
117516 | Depths:3 | Bought a potion of cancellation for 160 gold pieces
117658 | Depths:3 | Reached XP level 25. HP: 214/214 MP: 44/44
118598 | Depths:3 | Found Riagod's Book Emporium.
118601 | Depths:3 | Found Dipov's Distillery.
118601 | Depths:3 | Found Igor's Assorted Antiques.
118605 | Depths:3 | Found Oleikhle's Distillery.
118945 | Depths:4 | Entered Level 4 of the Depths
120472 | Depths:4 | Identified the ring "Jeruahus" {rF+ Str+3 Int-2 Dex+6
                  | Slay+2}
121496 | Depths:4 | Identified the +3 long sword of Veiz {venom, rN++ Will+
                  | Dex-3 SInv}
122299 | Depths:4 | Found a gate to the Realm of Zot.
122563 | Depths:4 | Identified the +9 long sword of a Gauntlet {distort,
                  | *Corrode rN+ Str+4 Dex+6}
123028 | Depths:4 | Noticed an ancient lich
123046 | Depths:4 | Killed an ancient lich
123384 | Depths:4 | Found a gate to the Realm of Zot.
123832 | Depths:4 | Learned a level 5 spell: Lee's Rapid Deconstruction
124454 | Tomb:1   | Entered Level 1 of the Tomb of the Ancients
126793 | Slime:3  | Reached XP level 26. HP: 222/222 MP: 32/45
129146 | Slime:5  | Entered Level 5 of the Pits of Slime
129454 | Slime:5  | Noticed the Royal Jelly
129462 | Slime:5  | Killed the Royal Jelly
129713 | Slime:5  | Got the Collected Works on Sinister Spellbinding
130023 | Slime:5  | Found the +3 greatsling "Punk" {acid, rCorr}
130023 | Slime:5  | Found the +7 mace of Variability {chaos, chaos arc}
130023 | Slime:5  | Found the +5 scythe "Finisher" {speed, execute}
130024 | Slime:5  | Found the +7 hand cannon "Mule" {flame, backblast, rF+}
130030 | Slime:5  | Identified the +0 pair of boots "Quprujav" {Dex+3}
130353 | Slime:5  | Identified the +7 arbalest of Tanne {drain, Str+3 Int+2
                  | Dex+6}
130359 | Slime:5  | Identified the +16 plate armour of Qyiqun {Will+}
130361 | Slime:5  | Got the Spellbook of Reagents and Guile
130666 | Slime:5  | Got a slimy rune of Zot
130668 | Slime:5  | Identified the +7 sling "Rallo" {speed, Fly}
131685 | Lair:1   | Bought the amulet of the Cast Vote {Reflect rF+ Dex+3 SH+5}
                  | for 754 gold pieces
131936 | Vaults:5 | Entered Level 5 of the Vaults
131949 | Vaults:5 | Noticed a dread lich
131958 | Vaults:5 | Killed a dread lich
132328 | Vaults:5 | Identified the +5 ring mail "Earthly Heaven" {rC++ Regen+}
132429 | Vaults:5 | Got a silver rune of Zot
132684 | Vaults:5 | Identified the +3 kite shield of Spaghetti {Str+3}
133287 | Vaults:5 | Found Qayxzocwecw's General Store.
133287 | Vaults:5 | Noticed a dread lich
133291 | Vaults:5 | Killed a dread lich
133305 | Vaults:5 | Bought a potion of heal wounds for 110 gold pieces
133305 | Vaults:5 | Bought the +4 pair of gloves of Vermicelli {Str+4 Dex+2}
                  | for 970 gold pieces
133313 | Vaults:5 | Reached XP level 27. HP: 208/228 MP: 0/45
133330 | Vaults:5 | Found Winem's Jewellery Shoppe.
133585 | Vaults:5 | Found Xecen's Distillery.
133585 | Vaults:5 | Found Wegofot's Distillery.
133611 | Vaults:5 | Bought a potion of cancellation for 128 gold pieces
133611 | Vaults:5 | Bought a potion of heal wounds for 80 gold pieces
133611 | Vaults:5 | Bought a potion of magic for 128 gold pieces
133611 | Vaults:5 | Bought a potion of heal wounds for 80 gold pieces
133611 | Vaults:5 | Bought a potion of brilliance for 64 gold pieces
133763 | Vaults:5 | Bought a potion of brilliance for 52 gold pieces
133763 | Vaults:5 | Bought a potion of curing for 39 gold pieces
133763 | Vaults:5 | Bought 2 potions of curing for 78 gold pieces
133763 | Vaults:5 | Bought 2 potions of resistance for 260 gold pieces
133763 | Vaults:5 | Bought a potion of curing for 39 gold pieces
134537 | Vaults:5 | Found Qayxzocwecw's General Store.
134541 | Vaults:5 | Found Winem's Jewellery Shoppe.
134806 | Vaults:5 | Found Wegofot's Distillery.
134807 | Vaults:5 | Found Xecen's Distillery.
139363 | Tomb:2   | Noticed a royal mummy
139363 | Tomb:2   | Noticed a royal mummy
139363 | Tomb:2   | Noticed a royal mummy
139363 | Tomb:2   | Noticed a royal mummy
139370 | Tomb:2   | Killed a royal mummy
139373 | Tomb:2   | Killed a royal mummy
139373 | Tomb:2   | Killed a royal mummy
139375 | Tomb:2   | Killed a royal mummy
139556 | Tomb:1   | Learned a level 9 spell: Polar Vortex
140917 | Tomb:1   | Noticed a royal mummy
140919 | Tomb:1   | Noticed a royal mummy
140922 | Tomb:1   | Noticed a royal mummy
140924 | Tomb:1   | Killed a royal mummy
140926 | Tomb:1   | Killed a royal mummy
140928 | Tomb:1   | Killed a royal mummy
140961 | Tomb:1   | Noticed a royal mummy
140961 | Tomb:1   | Noticed a royal mummy
140964 | Tomb:1   | Killed a royal mummy
140966 | Tomb:1   | Killed a royal mummy
141072 | Tomb:1   | Noticed a royal mummy
141082 | Tomb:1   | Killed a royal mummy
141204 | Tomb:1   | Noticed a royal mummy
141216 | Tomb:1   | Killed a royal mummy
141307 | Tomb:1   | Noticed a royal mummy
141315 | Tomb:1   | Killed a royal mummy
141405 | Tomb:1   | Noticed a royal mummy
141415 | Tomb:1   | Killed a royal mummy
141510 | Tomb:1   | Noticed a royal mummy
141512 | Tomb:1   | Noticed a royal mummy
141522 | Tomb:1   | Killed a royal mummy
141523 | Tomb:1   | Killed a royal mummy
141525 | Tomb:1   | Noticed a royal mummy
141531 | Tomb:1   | Killed a royal mummy
141558 | Tomb:1   | Noticed a royal mummy
141588 | Tomb:1   | Noticed a royal mummy
141590 | Tomb:1   | Noticed a royal mummy
141594 | Tomb:1   | Killed a royal mummy
141595 | Tomb:1   | Killed a royal mummy
141595 | Tomb:1   | Killed a royal mummy
141858 | Tomb:2   | Reached skill level 15 in Earth Magic
142082 | Tomb:3   | Entered Level 3 of the Tomb of the Ancients
142097 | Tomb:3   | Found the +8 trishula "Condemnation" {holy, anguish, *Noise
                  | Fly rN+}
142111 | Tomb:3   | Noticed a royal mummy
142121 | Tomb:3   | Noticed a royal mummy
142122 | Tomb:3   | Noticed a royal mummy
142123 | Tomb:3   | Killed a royal mummy
142123 | Tomb:3   | Noticed a royal mummy
142126 | Tomb:3   | Noticed a royal mummy
142126 | Tomb:3   | Noticed a royal mummy
142126 | Tomb:3   | Noticed a royal mummy
142130 | Tomb:3   | Noticed a royal mummy
142130 | Tomb:3   | Killed a royal mummy
142131 | Tomb:3   | Killed a royal mummy
142132 | Tomb:3   | Killed a royal mummy
142135 | Tomb:3   | Killed a royal mummy
142135 | Tomb:3   | Killed a royal mummy
142137 | Tomb:3   | Noticed a royal mummy
142140 | Tomb:3   | Killed a royal mummy
142145 | Tomb:3   | Killed a royal mummy
142145 | Tomb:3   | Killed a royal mummy
142317 | Tomb:3   | Identified the ring "Giuvus" {rPois rC+ Str+4 Dex+6 Stlth-}
142319 | Tomb:3   | Identified the amulet "Doxzu" {Regen+ Dex+4}
142375 | Tomb:3   | Identified the +4 scimitar of Glory {drain, *Noise Dex+3}
142378 | Tomb:3   | Identified the ring "Tauvuge" {Ice Int+3 Dex+3}
142393 | Tomb:3   | Got Sif Muna's Almanac of Striking and Incineration
142499 | Tomb:3   | Identified the +6 hand axe of Inechirph {venom, rElec}
142528 | Tomb:3   | Got a golden rune of Zot
142570 | Tomb:3   | Identified the +0 leather armour of the Comet {rC+ Int-3
                  | Stlth+}
142975 | Tomb:3   | Identified the ring "Araanos" {EV+5 SInv}
142987 | Tomb:3   | Identified the +7 longbow of the Hurtling Gods {flame, rF+
                  | Will+}
143510 | Lair:1   | Bought a book of the Earth for 684 gold pieces
143512 | Lair:1   | Bought a potion of heal wounds for 110 gold pieces
143512 | Lair:1   | Bought a scroll of brand weapon for 209 gold pieces
143806 | Zot:1    | Entered Level 1 of the Realm of Zot
143838 | Depths:4 | Upgraded the game from 0.31-a0-1591-g515db51633 to
                  | 0.31-a0-1598-g94871bc2e8
144021 | Hell     | Entered the Vestibule of Hell
144021 | Hell     | Noticed Geryon
144026 | Hell     | Killed Geryon
144957 | Hell     | Found a gateway to the freezing wastes of Cocytus.
145002 | Hell     | Found a gateway to the Iron City of Dis.
145186 | Hell     | Found a gateway to the ashen valley of Gehenna.
145244 | Hell     | Found a gateway to the decaying netherworld of Tartarus.
145311 | Hell     | Found a gateway to the freezing wastes of Cocytus.
145362 | Hell     | Found a gateway to the Iron City of Dis.
145417 | Hell     | Found a gateway to the ashen valley of Gehenna.
145478 | Hell     | Found a gateway to the decaying netherworld of Tartarus.
147327 | Zot:2    | Noticed an orb of fire
147337 | Zot:2    | Killed an orb of fire
148288 | Zot:2    | Identified the +4 spear "Onlam" {heavy, Stlth+}
151481 | Zot:4    | Identified the +1 helmet "Vainom" {Harm SInv}
153296 | Zot:5    | Entered Level 5 of the Realm of Zot
154615 | Orc:2    | Bought a runed cloak for 195 gold pieces
154990 | Zig:1    | Entered Level 1 of a ziggurat
155012 | Zig:2    | Entered Level 2 of a ziggurat
155040 | Zig:2    | Identified the +0 cloak of Paqexi Ygecs {Harm rF+}
155058 | Zig:3    | Entered Level 3 of a ziggurat
155102 | Zig:3    | Identified the +10 plate armour of Daisies {Rampage}
155115 | Zig:4    | Entered Level 4 of a ziggurat
155194 | Zig:4    | Got the Grimoire of the Fetid Congregation
155200 | Zig:5    | Entered Level 5 of a ziggurat
155272 | Zig:5    | Identified the staff of the Tired Moons {rC++ Earth}
155287 | Zig:6    | Entered Level 6 of a ziggurat
155485 | Zig:7    | Entered Level 7 of a ziggurat
155586 | Zig:7    | Identified the staff of Ruucw {Int+6 Dex-5 Stlth+ Summ
                  | Earth}
155588 | Zig:7    | Identified the staff "Balogos" {^Drain rElec rC+ Int+5 Conj
                  | Air}
155627 | Zig:8    | Entered Level 8 of a ziggurat
155736 | Zig:9    | Entered Level 9 of a ziggurat
155946 | Zig:9    | Identified the +7 quarterstaff of the Pits of Slime
                  | {freeze, rF++ rCorr}
155958 | Zig:9    | Identified the staff of Kaikkan {rC+ Dex+2 Ice}
156002 | Zig:10   | Entered Level 10 of a ziggurat
156140 | Zig:10   | Identified the +8 ice dragon scales of the Ikuchi {rF- rC++
                  | Str+6}
156142 | Zig:10   | Identified the +7 dagger "Amof" {flame, *Noise Fly rPois
                  | Dex+2}
156144 | Zig:10   | Identified the +6 whip of the Jester {holy, rPois rF+
                  | rCorr}
156148 | Zig:10   | Identified the +11 dire flail "Dixuebal" {spect, Str+4}
156189 | Zig:11   | Entered Level 11 of a ziggurat
156199 | Zig:11   | Noticed a royal mummy
156200 | Zig:11   | Noticed a royal mummy
156202 | Zig:11   | Noticed a royal mummy
156205 | Zig:11   | Killed a royal mummy
156205 | Zig:11   | Killed a royal mummy
156205 | Zig:11   | Killed a royal mummy
156355 | Zig:12   | Entered Level 12 of a ziggurat
156469 | Zig:12   | Identified the ring of Deorasig {rPois rF++ MP-9 Int+4}
156483 | Zig:12   | Identified the +1 plate armour "Ytirupno" {rC+ Str+5}
156488 | Zig:12   | Identified the +4 short sword of Greed {drain, *Rage rC++
                  | Str+3}
156525 | Zig:12   | Learned a level 9 spell: Shatter
156526 | Zig:13   | Entered Level 13 of a ziggurat
156728 | Zig:14   | Entered Level 14 of a ziggurat
156741 | Zig:14   | Noticed Pepa the pandemonium lord
156760 | Zig:14   | Killed Pepa the pandemonium lord
156765 | Zig:14   | Found the +10 zealot's sword {holy, Zealotry, *Rage rN+
                  | EV+3}
156778 | Zig:14   | Identified the staff of Generosity {rF+ Int+4 Conj}
157031 | Zig:15   | Entered Level 15 of a ziggurat
157053 | Zig:15   | Reached skill level 5 in Shields
157129 | Zig:15   | Identified the ring "Himona" {Fly rPois rN+}
157263 | Zig:16   | Entered Level 16 of a ziggurat
157276 | Zig:16   | Noticed an ancient lich
157281 | Zig:16   | Killed an ancient lich
157308 | Zig:16   | Identified the ring "Qebief" {Fly rC+ rCorr}
157422 | Zig:16   | Identified the +9 longbow "Tagish" {antimagic, Dex+2}
157472 | Zig:16   | Identified the ring "Yrhou" {Ice Will+ Int-2 Slay+2 SInv}
157476 | Zig:16   | Identified the +1 shortbow "Ythu" {flame, rF++ Dex+3 SInv
                  | Stlth-}
157552 | Zig:17   | Entered Level 17 of a ziggurat
157569 | Zig:17   | Found the necklace of Bloodlust {Fury *Rage Will++ Int-3
                  | Slay+6}
157570 | Zig:17   | Found the +3 Elemental Staff {ele, rElec rF+ rC+ AC+3}
157572 | Zig:17   | Reached skill level 10 in Shields
157691 | Zig:17   | Identified the +4 hand axe "Tickebb" {chaos, rPois}
157789 | Zig:18   | Entered Level 18 of a ziggurat
157818 | Zig:18   | Found the +8 longbow "Zephyr" {speed, Dex+3 SInv}
157988 | Zig:18   | Identified the +9 halberd of Intuition {vamp, rC+}
157996 | Zig:18   | Identified the staff of the Shining Light {rF+ Will- rCorr
                  | Str+2 Int+2 Fire}
157998 | Zig:18   | Identified the +10 mace "Comasul" {distort, rPois MP+9}
158133 | Zig:19   | Entered Level 19 of a ziggurat
158142 | Zig:19   | Noticed Hafaem the pandemonium lord
158149 | Zig:19   | Noticed Dyrisae the pandemonium lord
158151 | Zig:19   | Noticed Cuoxeam the pandemonium lord
158152 | Zig:19   | Noticed Foriq the pandemonium lord
158152 | Zig:19   | Noticed Fan Aquxt the pandemonium lord
158152 | Zig:19   | Noticed Quewnaf the pandemonium lord
158154 | Zig:19   | Noticed Etalug Noel the pandemonium lord
158154 | Zig:19   | Noticed Fawijuis the pandemonium lord
158155 | Zig:19   | Noticed Fomm the pandemonium lord
158156 | Zig:19   | Killed Dyrisae the pandemonium lord
158156 | Zig:19   | Killed Fan Aquxt the pandemonium lord
158157 | Zig:19   | Killed Cuoxeam the pandemonium lord
158157 | Zig:19   | Killed Quewnaf the pandemonium lord
158158 | Zig:19   | Reached skill level 15 in Shields
158159 | Zig:19   | Killed Fawijuis the pandemonium lord
158160 | Zig:19   | Killed Fomm the pandemonium lord
158160 | Zig:19   | Killed Hafaem the pandemonium lord
158164 | Zig:19   | Killed Foriq the pandemonium lord
158186 | Zig:19   | Killed Etalug Noel the pandemonium lord
158415 | Zig:19   | Identified the +8 dagger of Wu Jian, Crafting {venom, rPois
                  | rCorr Str-5 Int+4}
158420 | Zig:19   | Identified the +6 quarterstaff "Wainum" {vamp, Str+7 Dex-3}
158425 | Zig:19   | Identified the +8 arbalest of Alakhlero {freeze, rPois rF+
                  | Dex+3}
158426 | Zig:19   | Identified the +11 lajatang of Untruth {elec, +Blink rPois
                  | MP+9 Int-5}
158508 | Zig:19   | Identified the +5 dagger of the Apocalypse {freeze, rElec
                  | Will++ Str-5 Dex+3}
158554 | Zig:20   | Entered Level 20 of a ziggurat
158571 | Zig:20   | Paralysed by an air elemental for 1 turns
158587 | Zig:20   | Found the +8 lance "Wyrmbane" {slay drac, rPois rF+ rC+
                  | AC+3}
158604 | Zig:20   | Identified the staff of Superiority {rElec Dex+3 Air}
158613 | Zig:20   | Identified the +6 sling "Piarudewk" {drain, Int+4}
158816 | Zig:21   | Entered Level 21 of a ziggurat
158855 | Zig:21   | Identified the +2 cloak of the Heron {rN+}
158858 | Zig:21   | Reached skill level 15 in Evocations
158865 | Zig:21   | Identified the staff of Selim {rN+ Will++ Dex+3 Necro}
158872 | Zig:21   | Identified the amulet "Boffigua" {Reflect Str+3 Int+4 SH+5}
158878 | Zig:21   | Got the Anthology of the Arsonist and the Flock
159088 | Zig:22   | Entered Level 22 of a ziggurat
159150 | Zig:22   | Identified the staff "Jeunafri" {rN+ Str+3 Conj Necro}
159167 | Zig:22   | Identified the +0 chain mail "Kodyxzol" {Str+4}
159176 | Zig:22   | Identified the staff of Zemubabe {Str+4 Conj Alchemy}
159462 | Zig:23   | Entered Level 23 of a ziggurat
159491 | Zig:23   | Reached skill level 15 in Stealth
159505 | Zig:23   | Found the +7 lajatang of Order {silver, rMut}
159521 | Zig:23   | Identified the +7 plate armour "Fiest" {^Drain Dex+4 SInv}
159526 | Zig:23   | Identified the +4 scimitar of Recklessness {heavy, ^Fragile
                  | rElec Will+++ Str-5}
159784 | Zig:24   | Entered Level 24 of a ziggurat
159892 | Zig:24   | Found the +8 demon trident "Rift" {distort, reach+}
159907 | Zig:24   | Identified the +7 falchion "Uviycs" {spect, rF- Int+6}
159935 | Zig:24   | Identified the +0 chain mail of the Crushed Geomancers
                  | {Int+6}
160062 | Zig:24   | Identified the +2 pair of boots of the Eight Boll Weevils
                  | {Rampage *Corrode ^Drain rElec}
160065 | Zig:24   | Identified the +1 robe of Leapfrog {rC+}
160263 | Zig:25   | Entered Level 25 of a ziggurat
160281 | Zig:25   | Noticed a royal mummy
160286 | Zig:25   | Noticed a royal mummy
160286 | Zig:25   | Noticed a royal mummy
160288 | Zig:25   | Killed a royal mummy
160288 | Zig:25   | Noticed a royal mummy
160289 | Zig:25   | Noticed a royal mummy
160289 | Zig:25   | Noticed a royal mummy
160290 | Zig:25   | Noticed a royal mummy
160292 | Zig:25   | Killed a royal mummy
160292 | Zig:25   | Noticed a royal mummy
160293 | Zig:25   | Killed a royal mummy
160293 | Zig:25   | Killed a royal mummy
160293 | Zig:25   | Killed a royal mummy
160293 | Zig:25   | Killed a royal mummy
160293 | Zig:25   | Noticed a royal mummy
160295 | Zig:25   | Killed a royal mummy
160295 | Zig:25   | Killed a royal mummy
160300 | Zig:25   | Killed a royal mummy
160323 | Zig:25   | Identified the +0 chain mail "Ojepperi" {+Inv rC++ Dex+3}
160337 | Zig:25   | Identified the staff "Keypn" {*Slow rElec rC+ Int+2 Air}
160469 | Zig:25   | Identified the +4 spear of Loce {spect, *Noise rF+ Str+2
                  | Int+6}
160470 | Zig:25   | Identified the +5 ring mail of Effuwyust {Str+4 Int+5}
160689 | Zig:26   | Entered Level 26 of a ziggurat
160743 | Zig:26   | Found the +5 woodcutter's axe
161035 | Zig:26   | Identified the staff of Neufomapn {Str+6 Dex-2 Earth}
161036 | Zig:26   | Identified the amulet "Iddajaiq" {Faith Will+ Int-5 Dex+5}
161040 | Zig:26   | Identified the ring "Giesh" {rPois rCorr Str+3}
161102 | Zig:26   | Identified the +4 shortbow "Ujefa" {freeze, rElec rC+ Int+7
                  | Dex-5}
161108 | Zig:26   | Identified the +0 glaive of Makhleb's Regard {freeze,
                  | Int+3}
161114 | Zig:26   | Identified the staff of the Genius {^Contam rPois Will+
                  | Str+2 Dex+8 Alchemy}
161123 | Zig:27   | Entered Level 27 of a ziggurat
161138 | Zig:27   | Noticed a dread lich
161141 | Zig:27   | Noticed an ancient lich
161145 | Zig:27   | Killed a dread lich
161146 | Zig:27   | Reached skill level 27 in Stealth
161146 | Zig:27   | Killed an ancient lich
161147 | Zig:27   | Reached skill level 5 in Armour
161149 | Zig:27   | Noticed an ancient lich
161153 | Zig:27   | Reached skill level 10 in Armour
161156 | Zig:27   | Killed an ancient lich
161205 | Zig:27   | Reached skill level 15 in Armour
161220 | Zig:27   | Identified the staff of Broken Luck {rElec rF+ Will+ Dex+2
                  | Fire Alchemy}
161235 | Zig:27   | Identified the staff "Beutung" {rElec Int+5 Air Alchemy}
161237 | Zig:27   | Identified the +5 scale mail of Day {Int+3}
161783 | Lair:1   | Bought a glowing helmet for 240 gold pieces
161783 | Lair:1   | Bought a lightning rod (4/4) for 1280 gold pieces
162241 | Zot:5    | Noticed an orb of fire
162248 | Zot:5    | Killed an orb of fire
162695 | Zot:5    | Noticed an orb of fire
162700 | Zot:5    | Killed an orb of fire
162886 | Zot:5    | Noticed an orb of fire
162886 | Zot:5    | Noticed an orb of fire
162886 | Zot:5    | Noticed an orb of fire
162891 | Zot:5    | Killed an orb of fire
162891 | Zot:5    | Killed an orb of fire
162891 | Zot:5    | Killed an orb of fire
163158 | Zot:5    | Noticed an orb of fire
163165 | Zot:5    | Killed an orb of fire
163359 | Zot:5    | Noticed an ancient lich
163365 | Zot:5    | Killed an ancient lich
164768 | Dis:1    | Entered Level 1 of the Iron City of Dis
164770 | Dis:1    | Found a corrupted altar of Lugonu.
165192 | Zig:1    | Entered Level 1 of a ziggurat
165193 | Zig:1    | Noticed Noityepe the pandemonium lord
165199 | Zig:1    | Killed Noityepe the pandemonium lord
165200 | Zig:1    | Reached skill level 27 in Earth Magic
165227 | Zig:2    | Entered Level 2 of a ziggurat
165285 | Zig:3    | Entered Level 3 of a ziggurat
165289 | Zig:3    | Noticed an orb of fire
165295 | Zig:3    | Killed an orb of fire
165394 | Zig:4    | Entered Level 4 of a ziggurat
165462 | Zig:5    | Entered Level 5 of a ziggurat
165570 | Zig:6    | Entered Level 6 of a ziggurat
165724 | Zig:6    | Identified the ring "Daoq" {rCorr Str+6 Int-5}
165731 | Zig:7    | Entered Level 7 of a ziggurat
165804 | Zig:7    | Identified the ring "Hehaemp" {Ice MP+9 Int+3 Stlth-}
165812 | Zig:7    | Identified the staff of Dung {Will- Dex-4 Conj Air Alchemy}
165865 | Zig:8    | Entered Level 8 of a ziggurat
165870 | Zig:8    | Identified a scroll of acquirement
166009 | Zig:9    | Entered Level 9 of a ziggurat
166091 | Zig:9    | Got the Grimoire of Septic Wanderlust
166104 | Zig:10   | Entered Level 10 of a ziggurat
166271 | Zig:10   | Learned a level 6 spell: Death Channel
166273 | Zig:11   | Entered Level 11 of a ziggurat
166284 | Zig:11   | Noticed an ancient lich
166284 | Zig:11   | Found the ring of the Tortoise {AC+8}
166284 | Zig:11   | Noticed an ancient lich
166291 | Zig:11   | Killed an ancient lich
166294 | Zig:11   | Killed an ancient lich
166332 | Zig:11   | Identified the staff of the Twelve Hosts {Int+2 Earth}
166339 | Zig:11   | Identified the +4 ring mail "Riwocil" {Rampage rF+ rCorr}
166370 | Zig:12   | Entered Level 12 of a ziggurat
166382 | Zig:12   | Reached skill level 27 in Ice Magic
166525 | Zig:13   | Entered Level 13 of a ziggurat
166720 | Zig:13   | Identified the +1 chain mail of Inaction {Int+3}
166802 | Zig:13   | Acquired 294 gold pieces
166806 | Zig:13   | Acquired a manual of Axes
166810 | Zig:13   | Acquired the orb of Curytsix {*channel, rF+ Str+3}
166827 | Zig:14   | Entered Level 14 of a ziggurat
166852 | Zig:14   | Identified the amulet "Midus" {RegenMP rN+}
166923 | Zig:14   | Identified the +10 plate armour of Timuron {rPois rF-
                  | Stlth+}
166933 | Zig:14   | Identified the staff "Daiv" {rElec Str+5 Air}
166993 | Zig:14   | Identified the ring "Laeranue" {rF+ rC++ Str+2 Int+6 Dex-3}
167028 | Zig:15   | Entered Level 15 of a ziggurat
167116 | Zig:15   | Identified the ring "Loaxtol" {rF+ rC+ Dex+3}
167123 | Zig:15   | Identified the +2 ring mail of Vampiric Thralls {-Cast Harm
                  | Will+}
167125 | Zig:15   | Identified the +0 leather armour "Yraam" {Str+3}
167136 | Zig:15   | Identified the +1 ring mail of Xeka {Dex+3}
167188 | Zig:16   | Entered Level 16 of a ziggurat
167195 | Zig:16   | Noticed a dread lich
167198 | Zig:16   | Noticed an ancient lich
167198 | Zig:16   | Noticed an ancient lich
167198 | Zig:16   | Noticed a dread lich
167199 | Zig:16   | Reached skill level 5 in Dodging
167199 | Zig:16   | Killed a dread lich
167199 | Zig:16   | Killed an ancient lich
167199 | Zig:16   | Killed an ancient lich
167202 | Zig:16   | Killed a dread lich
167333 | Zig:16   | Identified the +4 robe of Analysis {rElec}
167341 | Zig:16   | Identified the +4 shortbow of Ibrorofewk {freeze, rC++
                  | Will- Str+6}
167347 | Zig:16   | Identified the ring of Yendor {rElec rF+++ rC- rN+ Will++}
167357 | Zig:16   | Identified the +6 sling "Ghoul's Peril" {drain, Fly rPois
                  | rCorr Str+5}
167371 | Zig:17   | Entered Level 17 of a ziggurat
167381 | Zig:17   | Reached skill level 10 in Dodging
167510 | Zig:17   | Identified the amulet "Isihu" {Spirit rN++ Dex+2}
167514 | Zig:17   | Identified the ring of the Briny Deep {Wiz ^Contam rElec
                  | rF++ Slay+5}
167516 | Zig:17   | Identified the +3 kite shield of the Harvest {rN+ Int+2
                  | Dex-3}
167519 | Zig:17   | Identified the ring of Teohoth {Fire rPois}
167655 | Zig:18   | Entered Level 18 of a ziggurat
167670 | Zig:18   | Found the +13 scythe of Curses {drain, curses, ^Drain}
167680 | Zig:18   | Identified the ring of Cyeren {rC+ EV+5 Int+2}
167787 | Zig:18   | Identified the +7 rapier "Roami" {drain, *Rage Int+3 Dex+5}
167855 | Zig:19   | Entered Level 19 of a ziggurat
167870 | Zig:19   | Reached skill level 15 in Dodging
168124 | Zig:20   | Entered Level 20 of a ziggurat
168136 | Zig:20   | Paralysed by accursed screaming for 1 turns
168142 | Zig:20   | Paralysed by accursed screaming for 1 turns
168148 | Zig:20   | Found the +3 pair of gauntlets of War {Slay+5}
168269 | Zig:20   | Identified the +1 quarterstaff of the Depths {freeze,
                  | ^Drain Fly rC++ Str+3}
168377 | Zig:20   | Identified the staff "Ugopp" {rElec rC+++ Str-5 Int-2 Tloc
                  | Air}
168425 | Zig:21   | Entered Level 21 of a ziggurat
168451 | Zig:21   | Found the +9 sword of Zonguldrok {reap}
168467 | Zig:21   | Identified the ring "Ocirup" {^Contam Fly rN++ Int+6}
168471 | Zig:21   | Identified the +1 chain mail of Card Tricks {Dex+2 SInv}
168576 | Zig:21   | Identified the +5 trident of Teem {venom, rPois rF- rC++
                  | Int+2}
168577 | Zig:21   | Identified the ring "Fugizxeg" {Fire Dex+3}
168588 | Zig:21   | Identified the ring of the Hero {+Blink rC+}
168590 | Zig:21   | Identified the ring "Ostur" {Will+ SInv}
168751 | Zig:22   | Entered Level 22 of a ziggurat
168785 | Zig:22   | Identified the +0 crystal plate armour "Guzog" {Int+6}
169023 | Zig:23   | Entered Level 23 of a ziggurat
169045 | Zig:23   | Noticed Biqovag the pandemonium lord
169049 | Zig:23   | Killed Biqovag the pandemonium lord
169050 | Zig:23   | Found the ring of the Octopus King
169050 | Zig:23   | Found the +1 cloak of Starlight {*Dazzle EV+4 Stlth--}
169050 | Zig:23   | Found the +8 pair of quick blades "Gyre" and "Gimble"
                  | {protect}
169054 | Zig:23   | Reached skill level 27 in Spellcasting
169212 | Zig:23   | Identified a ring of the Octopus King {rF+ HP+2 AC+2 EV+2
                  | SH+2}
169310 | Zig:23   | Identified the staff of Weesy {rElec Str-4 Dex+2 Conj}
169311 | Zig:23   | Identified the ring of Lowkygyf {rF+ rC+ Int+3 Slay+4}
169331 | Zig:23   | Identified the amulet "Fiumokk" {Reflect Harm Str+3 SH+5}
169339 | Zig:23   | Identified the +4 morningstar of a Million Hosts {heavy,
                  | ^Contam rN+ Dex+3}
169342 | Zig:23   | Identified the ring of Laretuorr {Wiz *Slow rElec Slay+3}
169398 | Zig:23   | Identified the +1 ring mail "Yphovease" {rC+ rN+ Str+2
                  | Dex+2}
169416 | Zig:23   | Learned a level 8 spell: Lehudib's Crystal Spear
169456 | Zig:24   | Entered Level 24 of a ziggurat
169472 | Zig:24   | Reached skill level 10 in Conjurations
169657 | Zig:24   | Identified the +7 lajatang "Fakaynocub" {freeze, rC+ Int+3}
169662 | Zig:24   | Identified the ring of the Priest {rElec rPois rN+++ MP-9
                  | Int+6}
169738 | Zig:25   | Entered Level 25 of a ziggurat
169763 | Zig:25   | Noticed Iqekh the pandemonium lord
169768 | Zig:25   | Reached skill level 15 in Conjurations
169771 | Zig:25   | Killed Iqekh the pandemonium lord
169788 | Zig:25   | Identified the ring of Xom's Passing Interest {Fly rPois
                  | Str+3 Dex+2}
169791 | Zig:25   | Identified the +0 helmet of Liuheh {Int+4}
169799 | Zig:25   | Identified the +8 chain mail of Bad Feelings {rPois}
170084 | Zig:25   | Identified the +1 robe of the Frog {Harm rF- Int-2 Dex+7}
170132 | Zig:26   | Entered Level 26 of a ziggurat
170169 | Zig:26   | Identified the +5 ring mail of the Alphagorgon {Harm rPois
                  | rF- Regen+}
170177 | Zig:26   | Identified the +5 chain mail of Entitlement {rElec Stlth+}
170184 | Zig:26   | Identified the staff of Causmagh {rN+ Str-4 Dex+4 Conj
                  | Necro}
170195 | Zig:26   | Identified the +6 spear "Sekeir" {holy, rElec rF+ Stlth+}
170196 | Zig:26   | Identified the staff "Secamoav" {rF+ Str+4 Dex+3 Fire}
170214 | Zig:26   | Identified the +4 morningstar "Gush" {drain, ^Drain +Blink
                  | rElec Str+5}
170358 | Zig:26   | Identified the +3 ring mail "Naogeasy" {Dex+2}
170366 | Zig:26   | Identified the +6 chain mail "Baodyl" {Str+3}
170552 | Zig:27   | Entered Level 27 of a ziggurat
170558 | Zig:27   | Noticed a royal mummy
170558 | Zig:27   | Noticed a royal mummy
170558 | Zig:27   | Noticed a royal mummy
170560 | Zig:27   | Noticed a royal mummy
170560 | Zig:27   | Noticed a royal mummy
170562 | Zig:27   | Noticed a royal mummy
170563 | Zig:27   | Noticed a royal mummy
170563 | Zig:27   | Noticed a royal mummy
170564 | Zig:27   | Noticed a royal mummy
170565 | Zig:27   | Noticed a royal mummy
170565 | Zig:27   | Noticed a royal mummy
170566 | Zig:27   | Killed a royal mummy
170566 | Zig:27   | Killed a royal mummy
170566 | Zig:27   | Killed a royal mummy
170566 | Zig:27   | Noticed a royal mummy
170567 | Zig:27   | Noticed a royal mummy
170567 | Zig:27   | Noticed a royal mummy
170568 | Zig:27   | Noticed a royal mummy
170570 | Zig:27   | Killed a royal mummy
170570 | Zig:27   | Killed a royal mummy
170570 | Zig:27   | Killed a royal mummy
170570 | Zig:27   | Noticed a royal mummy
170571 | Zig:27   | Killed a royal mummy
170571 | Zig:27   | Killed a royal mummy
170571 | Zig:27   | Killed a royal mummy
170571 | Zig:27   | Killed a royal mummy
170571 | Zig:27   | Killed a royal mummy
170571 | Zig:27   | Killed a royal mummy
170571 | Zig:27   | Noticed a royal mummy
170572 | Zig:27   | Killed a royal mummy
170575 | Zig:27   | Killed a royal mummy
170575 | Zig:27   | Killed a royal mummy
170575 | Zig:27   | Killed a royal mummy
170577 | Zig:27   | Killed a royal mummy
170775 | Zig:27   | Identified the ring "Hycsonk" {rPois rC+}
170778 | Zig:27   | Identified the +3 falchion of Xom, Mauling {flame, Int+3}
170785 | Zig:27   | Identified the +6 demon whip "Seomp" {freeze, rPois rN+++
                  | Will- Int-4}
170966 | Zig:27   | Identified the +7 shortbow of Juridgh {flame, MP+9}
171016 | Lair:1   | Acquired the +0 pair of gloves of Kosenyor {rCorr Int+2
                  | Stlth-}
171091 | Zig:1    | Entered Level 1 of a ziggurat
171094 | Zig:1    | Reached skill level 1 in Throwing
171165 | Zig:2    | Entered Level 2 of a ziggurat
171218 | Zig:3    | Entered Level 3 of a ziggurat
171218 | Zig:3    | Noticed an ancient lich
171219 | Zig:3    | Noticed a dread lich
171221 | Zig:3    | Killed an ancient lich
171221 | Zig:3    | Killed a dread lich
171276 | Zig:4    | Entered Level 4 of a ziggurat
171281 | Zig:4    | Reached skill level 5 in Throwing
171368 | Zig:5    | Entered Level 5 of a ziggurat
171373 | Zig:5    | Noticed Kuamedgh the pandemonium lord
171375 | Zig:5    | Killed Kuamedgh the pandemonium lord
171548 | Zig:6    | Entered Level 6 of a ziggurat
171551 | Zig:6    | Noticed an orb of fire
171559 | Zig:6    | Killed an orb of fire
171568 | Zig:6    | Identified the amulet of Igonaimu {Acrobat rF+ Dex+2}
171644 | Zig:6    | Identified the +7 scale mail of the Vacuum {Rampage rC-
                  | Dex+6}
171663 | Zig:6    | Identified the +0 leather armour of Boredom {rPois Str+3}
171684 | Zig:7    | Entered Level 7 of a ziggurat
171781 | Zig:7    | Identified the staff of Symmetry {^Fragile rF- Dex+8 Stlth+
                  | Conj}
171814 | Zig:7    | Identified the +9 dagger "Tivon" {freeze, +Blink rPois
                  | Int+4 Stlth+}
171847 | Zig:8    | Entered Level 8 of a ziggurat
171858 | Zig:8    | Reached skill level 10 in Throwing
171972 | Zig:9    | Entered Level 9 of a ziggurat
172044 | Zig:9    | Identified the +1 dagger of the Healing Gods {distort, rF+
                  | Dex+3}
172058 | Zig:9    | Identified the staff of Vehumet's Fury {rElec MP+9 Int+3
                  | Air}
172121 | Zig:10   | Entered Level 10 of a ziggurat
172134 | Zig:10   | Reached skill level 15 in Throwing
172274 | Zig:10   | Identified the ring of Anga {MP+9 Int+6}
172312 | Zig:11   | Entered Level 11 of a ziggurat
172322 | Zig:11   | Noticed an ancient lich
172322 | Zig:11   | Noticed a dread lich
172322 | Zig:11   | Noticed an ancient lich
172323 | Zig:11   | Noticed a dread lich
172327 | Zig:11   | Killed an ancient lich
172327 | Zig:11   | Paralysed by something for 2 turns
172329 | Zig:11   | Killed a dread lich
172330 | Zig:11   | Killed a dread lich
172330 | Zig:11   | Killed an ancient lich
172349 | Zig:11   | Identified the ring of Quhachow {Wiz rF+}
172360 | Zig:11   | Identified the +0 crystal plate armour of Inference {rF+
                  | Str+2}
172403 | Zig:11   | Identified the staff "Paxzim Qilac" {^Drain rElec MP+9
                  | Str-3 Conj}
172412 | Zig:11   | Identified the staff of the Narrow God {rElec rC+ rN+ Air}
172475 | Zig:12   | Entered Level 12 of a ziggurat
172486 | Zig:12   | Found the +7 sceptre of Torment {pain, torment}
172490 | Zig:12   | Reached skill level 5 in Polearms
172574 | Zig:12   | Identified the ring "Xoirunne" {rC+ Str+3}
172645 | Zig:12   | Identified the ring of Sauck {+Blink rPois rN+ MP+9 Str+3}
172703 | Zig:13   | Entered Level 13 of a ziggurat
172848 | Zig:13   | Identified the +2 leather armour "Pile" {-Tele rElec rN++
                  | Dex+4}
172859 | Zig:13   | Identified the +8 triple crossbow "Hellblazer" {freeze,
                  | Will- MP+9 Str+7 Stlth+}
172888 | Zig:13   | Acquired a manual of Summonings
172949 | Zig:14   | Entered Level 14 of a ziggurat
172966 | Zig:14   | Reached skill level 10 in Polearms
173173 | Zig:15   | Entered Level 15 of a ziggurat
173192 | Zig:15   | Noticed an ancient lich
173193 | Zig:15   | Killed an ancient lich
173202 | Zig:15   | Reached skill level 15 in Polearms
173510 | Zig:16   | Entered Level 16 of a ziggurat
173526 | Zig:16   | Noticed a juggernaut
173528 | Zig:16   | Noticed a juggernaut
173529 | Zig:16   | Found the +8 mithril axe "Arga" {speed, Will+}
173531 | Zig:16   | Killed a juggernaut
173537 | Zig:16   | Killed a juggernaut
173685 | Zig:16   | Identified the ring "Fuficuagg" {rN+ Str+2 Int+5}
173803 | Zig:17   | Entered Level 17 of a ziggurat
173889 | Zig:17   | Identified the +1 orcbow of Ad Valorem {flame, rN+ Int+2
                  | Dex+3}
173908 | Zig:17   | Identified the +6 orcbow of the Land of Plenty {freeze,
                  | rF+}
173919 | Zig:17   | Identified the +7 mace of Diet Blood {heavy, rF+ Will+
                  | Int-2 Dex+2}
173921 | Zig:17   | Identified the +5 rapier of Tutz {protect, ^Fragile rF+
                  | Will+ Str+3}
173952 | Zig:17   | Identified the +1 robe of Context {-Cast Will+++ rCorr
                  | MP-9}
174024 | Zig:18   | Entered Level 18 of a ziggurat
174034 | Zig:18   | Killed Gugra the pandemonium lord
174037 | Zig:18   | Noticed Venosann the pandemonium lord
174038 | Zig:18   | Noticed Ihuety the pandemonium lord
174039 | Zig:18   | Noticed Rawken the pandemonium lord
174040 | Zig:18   | Noticed Idoh the pandemonium lord
174040 | Zig:18   | Noticed Zeng the pandemonium lord
174041 | Zig:18   | Noticed Cuxeycut the pandemonium lord
174042 | Zig:18   | Noticed Heizunt the pandemonium lord
174042 | Zig:18   | Noticed Wiw Doch the pandemonium lord
174042 | Zig:18   | Noticed Vaynterph the pandemonium lord
174043 | Zig:18   | Noticed Noenyemn the pandemonium lord
174045 | Zig:18   | Noticed Riteoc the pandemonium lord
174045 | Zig:18   | Noticed Wimmiewk the pandemonium lord
174046 | Zig:18   | Killed Zeng the pandemonium lord
174046 | Zig:18   | Killed Wiw Doch the pandemonium lord
174046 | Zig:18   | Killed Venosann the pandemonium lord
174046 | Zig:18   | Killed Ihuety the pandemonium lord
174047 | Zig:18   | Killed Riteoc the pandemonium lord
174047 | Zig:18   | Noticed Opsye the pandemonium lord
174048 | Zig:18   | Killed Vaynterph the pandemonium lord
174048 | Zig:18   | Killed Noenyemn the pandemonium lord
174048 | Zig:18   | Killed Wimmiewk the pandemonium lord
174050 | Zig:18   | Killed Rawken the pandemonium lord
174050 | Zig:18   | Noticed Zuso the pandemonium lord
174051 | Zig:18   | Noticed Giemm the pandemonium lord
174051 | Zig:18   | Killed Idoh the pandemonium lord
174051 | Zig:18   | Killed Cuxeycut the pandemonium lord
174051 | Zig:18   | Killed Heizunt the pandemonium lord
174052 | Zig:18   | Noticed Kuturiol the pandemonium lord
174053 | Zig:18   | Noticed Hacis the pandemonium lord
174054 | Zig:18   | Killed Giemm the pandemonium lord
174054 | Zig:18   | Killed Opsye the pandemonium lord
174058 | Zig:18   | Killed Zuso the pandemonium lord
174060 | Zig:18   | Killed Kuturiol the pandemonium lord
174061 | Zig:18   | Killed Hacis the pandemonium lord
174067 | Zig:18   | Identified the +1 great sword "Qoz Omu" {heavy, ^Contam
                  | rElec MP+9 Stlth+}
174069 | Zig:18   | Identified the +5 plate armour of Lugonu's Inspiration
                  | {Str+3}
174077 | Zig:18   | Identified the +2 cloak of the Original Sin {Dex+3}
174264 | Zig:18   | Identified the +1 quarterstaff "Huamir" {heavy, rPois rC+
                  | Stlth+}
174338 | Zig:19   | Entered Level 19 of a ziggurat
174347 | Zig:19   | Noticed an ancient lich
174348 | Zig:19   | Noticed an ancient lich
174349 | Zig:19   | Noticed an ancient lich
174350 | Zig:19   | Noticed an ancient lich
174352 | Zig:19   | Killed an ancient lich
174352 | Zig:19   | Killed an ancient lich
174352 | Zig:19   | Killed an ancient lich
174353 | Zig:19   | Noticed an ancient lich
174353 | Zig:19   | Noticed a dread lich
174354 | Zig:19   | Noticed a dread lich
174354 | Zig:19   | Noticed a dread lich
174354 | Zig:19   | Noticed a dread lich
174355 | Zig:19   | Noticed a dread lich
174356 | Zig:19   | Killed a dread lich
174356 | Zig:19   | Killed a dread lich
174356 | Zig:19   | Killed a dread lich
174356 | Zig:19   | Noticed an ancient lich
174357 | Zig:19   | Killed a dread lich
174357 | Zig:19   | Killed an ancient lich
174359 | Zig:19   | Noticed a dread lich
174362 | Zig:19   | Killed a dread lich
174363 | Zig:19   | Killed an ancient lich
174363 | Zig:19   | Killed an ancient lich
174365 | Zig:19   | Killed a dread lich
174582 | Zig:19   | Identified the +0 ring mail of Delavvirr {Slay+2}
174583 | Zig:19   | Identified the staff "Arbiter" {rC+ Str+2 Ice}
174591 | Zig:19   | Identified the +8 chain mail of the Comet {Will+ Str+5}
174602 | Zig:19   | Identified the ring "Eviludgh" {EV+5 Dex+3}
174604 | Zig:19   | Identified the +0 robe of the Depths {Will+ rCorr Int-3}
174635 | Zig:20   | Entered Level 20 of a ziggurat
174654 | Zig:20   | Reached skill level 27 in Fighting
174758 | Zig:20   | Identified the +9 rapier of the Gibberer {pain, rC+ rN++
                  | Int-2}
174786 | Zig:20   | Identified the +2 plate armour "Kiodeem" {rN+ Int+4}
174791 | Zig:20   | Identified the +3 morningstar "Voeqoto" {freeze, Dex+5}
174794 | Zig:20   | Identified the +4 mace of the Charming Gods {flame, rElec
                  | rN+ Str-3 Dex+3}
174801 | Zig:20   | Identified the staff of Yredelemnul's Wrath {rF+ Str+2
                  | Necro Fire}
174978 | Zig:21   | Entered Level 21 of a ziggurat
174991 | Zig:21   | Noticed a seraph
174996 | Zig:21   | Killed a seraph
175005 | Zig:21   | Noticed a seraph
175007 | Zig:21   | Identified the +2 buckler of Distant Shores {Int+3 SInv}
175008 | Zig:21   | Identified the +7 tower shield "Dazxazag" {Str+7}
175013 | Zig:21   | Killed a seraph
175014 | Zig:21   | Reached skill level 15 in Air Magic
175049 | Zig:21   | Identified the +5 flail of the Antique God {freeze, *Rage
                  | rElec Int+4 Stlth+}
175060 | Zig:21   | Identified the +5 orcbow of the Mauling Pill Bug
                  | {antimagic, rF+ Int+3 Stlth+}
175070 | Zig:21   | Identified the amulet "Ufiygoot" {Faith Int+9}
175371 | Zig:21   | Identified the staff of Profit {Dex+4 Hexes Earth}
175373 | Zig:21   | Identified the +8 rapier of Frustration {holy, MP+9}
175467 | Zig:21   | Learned a level 9 spell: Chain Lightning
175468 | Zig:22   | Entered Level 22 of a ziggurat
175697 | Zig:22   | Identified the +11 sling of Karma {antimagic, Int+2}
175715 | Zig:22   | Identified the +8 trident "Mossam" {venom, *Slow Fly rPois
                  | Dex+4}
175827 | Zig:23   | Entered Level 23 of a ziggurat
175842 | Zig:23   | Identified the +4 tower shield of Least Resistance {rElec
                  | Slay+2}
175851 | Zig:23   | Identified the +1 tower shield "Qipnamig" {rF- Str+7}
175853 | Zig:23   | Paralysed by accursed screaming for 1 turns
176215 | Zig:23   | Identified the staff "Zaukkuun" {rElec rN+ Necro Alchemy}
176217 | Zig:23   | Identified the +0 leather armour of a volcano {*Slow rPois
                  | rC- rN+++}
176218 | Zig:23   | Identified the staff "Fegy" {rC+ Str+2 Ice}
176222 | Zig:23   | Identified the ring "Fabel" {Ice Int+6 Dex-5}
176224 | Zig:23   | Identified the +5 battleaxe "Qyrurimo" {flame, SInv}
176297 | Zig:24   | Entered Level 24 of a ziggurat
176330 | Zig:24   | Found the ring of the Octopus King
176347 | Zig:24   | Identified a ring of the Octopus King {rN+ HP+2 AC+2 EV+2
                  | SH+2}
176573 | Zig:24   | Identified the +7 sling of Ancient Evil {freeze, rCorr
                  | Int+4}
176577 | Zig:24   | Identified the +1 quarterstaff of the Middle {holy, *Noise
                  | +Blink Int+2 Dex+2}
176770 | Zig:25   | Entered Level 25 of a ziggurat
176963 | Zig:25   | Identified the +2 ring mail "Jodwa" {Stlth+}
176964 | Zig:25   | Identified the +7 orcbow of a bailey {drain, rF++ rC-
                  | Str+8}
176969 | Zig:25   | Identified the +10 plate armour "Foiwaop" {rElec rF++
                  | Int-2}
176979 | Zig:25   | Identified the +4 spear "Asoh" {antimagic, *Corrode rPois
                  | Will++}
176984 | Zig:25   | Identified the staff of Seecvoschib {rF- rC+ Int+3 Tloc
                  | Ice}
177150 | Zig:26   | Entered Level 26 of a ziggurat
177174 | Zig:26   | Noticed a dread lich
177177 | Zig:26   | Killed a dread lich
177201 | Zig:26   | Paralysed by you for 1 turns
177560 | Zig:26   | Identified the staff of Xiamaq {rN+ rCorr Dex+3 Necro}
177567 | Zig:26   | Identified the +5 shortbow of Tudghoz {speed, rC++}
177633 | Zig:26   | Identified the +5 quarterstaff of Objectivity {holy, +Blink
                  | rPois Str+3}
177635 | Zig:26   | Identified the +11 arbalest of the Soothsayer {freeze, rF+
                  | Int+3}
177766 | Zig:27   | Entered Level 27 of a ziggurat
177799 | Zig:27   | Reached skill level 27 in Air Magic
177800 | Zig:27   | Noticed an ancient lich
177804 | Zig:27   | Killed an ancient lich
177816 | Zig:27   | Found the +4 robe of Folly {Brill Will-∞ Int+8}
177957 | Zig:27   | Identified the staff of the Seven Servitors {rF+ rN+ Fire}
178120 | Zig:27   | Identified the ring "Lamodute" {rN+ Will- rCorr Int+6}
178122 | Zig:27   | Identified the staff of the Original Sin {rElec rF+ Dex-4
                  | Summ Earth}
178125 | Zig:27   | Identified the amulet "Muihar" {*Slow rPois rF++ Regen+
                  | Str+3}
178195 | Zig:27   | Identified the +11 scimitar of Vymed {protect, Int+4}
178402 | Zig:1    | Entered Level 1 of a ziggurat
178454 | Zig:2    | Entered Level 2 of a ziggurat
178488 | Zig:2    | Identified the +5 mace of Hacking and Slashing {drain,
                  | rCorr Str+7}
178495 | Zig:3    | Entered Level 3 of a ziggurat
178498 | Zig:3    | Noticed Kadirol the pandemonium lord
178501 | Zig:3    | Killed Kadirol the pandemonium lord
178666 | Zig:4    | Entered Level 4 of a ziggurat
178779 | Zig:5    | Entered Level 5 of a ziggurat
178790 | Zig:5    | Found the +9 scales of the Dragon King {rPois rF+ rC+
                  | Will+}
178873 | Zig:6    | Entered Level 6 of a ziggurat
178948 | Zig:6    | Identified the +4 glaive of Durable Innocence {elec, Int+3
                  | Stlth+}
178967 | Zig:7    | Entered Level 7 of a ziggurat
178972 | Zig:7    | Noticed an ancient lich
178975 | Zig:7    | Noticed an ancient lich
178976 | Zig:7    | Killed an ancient lich
178976 | Zig:7    | Killed an ancient lich
179055 | Zig:8    | Entered Level 8 of a ziggurat
179281 | Zig:8    | Identified the +3 scimitar of Debt {antimagic, *Slow rC+
                  | Dex+7 Stlth+}
179304 | Zig:9    | Entered Level 9 of a ziggurat
179373 | Zig:9    | Identified the ring "Civustedgh" {Wiz Fly Dex+3}
179383 | Zig:9    | Identified the +5 short sword "Betziuph" {flame, rN+ Will++
                  | Dex-2 Stlth+}
179431 | Zig:10   | Entered Level 10 of a ziggurat
179505 | Zig:10   | Identified the +0 leather armour "Noaskiargh" {rC+ Str+5}
179506 | Zig:10   | Identified the +7 battleaxe "Erghakh" {protect, +Blink
                  | rElec rN+ Str+2}
179519 | Zig:10   | Identified the +6 ring mail "Enenk" {Rampage}
179611 | Zig:11   | Entered Level 11 of a ziggurat
179632 | Zig:11   | Identified the staff of Equilibrium {rElec rN+ rCorr Str+3
                  | Air}
179635 | Zig:11   | Identified the +1 shadow dragon scales of Honesty {+Blink
                  | rElec rF- Int+5 Stlth++++}
179650 | Zig:11   | Identified the +8 spear "Ciycrul" {pain, *Corrode rPois rF+
                  | SInv}
179651 | Zig:11   | Identified the amulet "Vaizohip" {Acrobat rElec Regen+}
179653 | Zig:11   | Identified the +4 leather armour of Navozy {*Slow rPois
                  | Dex+6}
179750 | Zig:12   | Entered Level 12 of a ziggurat
179764 | Zig:12   | Reached skill level 27 in Conjurations
179765 | Zig:12   | Found the +0 pair of fencer's gloves {Riposte Dex+3}
179932 | Zig:12   | Identified the +5 long sword of the Shining Light {chaos,
                  | rC+ Will- rCorr Str+4}
179939 | Zig:13   | Entered Level 13 of a ziggurat
180007 | Zig:13   | Identified the +7 spear "Toewuma" {vamp, rCorr Str+4 Dex+2}
180016 | Zig:13   | Identified the ring "Laiwicler" {Will++ Int+6}
180022 | Zig:13   | Identified the +6 arbalest of Vyip {flame, MP+9 Dex+3}
180158 | Zig:13   | Learned a level 8 spell: Summon Horrible Things
180159 | Zig:14   | Entered Level 14 of a ziggurat
180166 | Zig:14   | Noticed an ancient lich
180166 | Zig:14   | Noticed a dread lich
180167 | Zig:14   | Noticed an ancient lich
180167 | Zig:14   | Noticed a dread lich
180167 | Zig:14   | Noticed an ancient lich
180168 | Zig:14   | Killed an ancient lich
180168 | Zig:14   | Killed a dread lich
180168 | Zig:14   | Killed an ancient lich
180171 | Zig:14   | Killed a dread lich
180172 | Zig:14   | Killed an ancient lich
180173 | Zig:14   | Reached skill level 15 in Summonings
180217 | Zig:14   | Identified the +5 war axe of Lepticoynya {freeze, rElec
                  | Int+4}
180306 | Zig:14   | Identified the +11 rapier "Aneonaoh" {freeze, rCorr}
180312 | Zig:14   | Identified the amulet of Tumok {Spirit rCorr Stlth+}
180378 | Zig:15   | Entered Level 15 of a ziggurat
180393 | Zig:15   | Noticed Tiygeap the pandemonium lord
180393 | Zig:15   | Found the +8 orange crystal plate armour {Archmagi, Int+3
                  | Clar}
180395 | Zig:15   | Killed Tiygeap the pandemonium lord
180643 | Zig:15   | Identified the staff of the Sky {rElec rF+ Stlth- Conj Fire
                  | Earth}
180647 | Zig:15   | Identified the ring of the Past {rElec rF+ Dex+6}
180695 | Zig:15   | Identified the +6 bardiche of Lust {freeze, +Blink Dex+2}
180831 | Zig:15   | Learned a level 7 spell: Malign Gateway
180890 | Zig:16   | Entered Level 16 of a ziggurat
181119 | Zig:17   | Entered Level 17 of a ziggurat
181123 | Zig:17   | Noticed a juggernaut
181125 | Zig:17   | Killed a juggernaut
181125 | Zig:17   | Noticed a juggernaut
181132 | Zig:17   | Killed a juggernaut
181185 | Zig:17   | Identified the staff "Sosi Teil" {rElec Conj Air Alchemy}
181433 | Zig:17   | Identified the ring of Fidghetz {Fly Str+3}
181454 | Zig:18   | Entered Level 18 of a ziggurat
181663 | Zig:18   | Identified the ring of Ureiqauv {rF+ Int+2 Dex+2 SInv}
181671 | Zig:18   | Identified the +0 morningstar "Rusif" {flame, rF- rC- Int+6
                  | SInv}
181673 | Zig:18   | Identified the +7 flail "Sonishrao" {holy, rC+}
181681 | Zig:18   | Identified the ring of Qucaik {rElec EV+5 Str+10}
181786 | Zig:19   | Entered Level 19 of a ziggurat
181790 | Zig:19   | Noticed an ancient lich
181790 | Zig:19   | Noticed an ancient lich
181791 | Zig:19   | Noticed an ancient lich
181792 | Zig:19   | Noticed a dread lich
181792 | Zig:19   | Noticed a dread lich
181792 | Zig:19   | Noticed a dread lich
181794 | Zig:19   | Noticed an ancient lich
181795 | Zig:19   | Killed a dread lich
181796 | Zig:19   | Killed an ancient lich
181796 | Zig:19   | Killed a dread lich
181796 | Zig:19   | Killed an ancient lich
181796 | Zig:19   | Noticed a dread lich
181797 | Zig:19   | Noticed an ancient lich
181798 | Zig:19   | Noticed a dread lich
181798 | Zig:19   | Noticed a dread lich
181799 | Zig:19   | Noticed a dread lich
181799 | Zig:19   | Noticed an ancient lich
181800 | Zig:19   | Found the -2 hat of the Alchemist {rElec rPois rF+ rC+ rN+
                  | Will+ rMut rCorr}
181800 | Zig:19   | Killed an ancient lich
181800 | Zig:19   | Killed a dread lich
181800 | Zig:19   | Killed an ancient lich
181801 | Zig:19   | Reached skill level 10 in Hexes
181801 | Zig:19   | Killed a dread lich
181801 | Zig:19   | Killed a dread lich
181801 | Zig:19   | Killed an ancient lich
181801 | Zig:19   | Killed a dread lich
181805 | Zig:19   | Killed a dread lich
181806 | Zig:19   | Killed an ancient lich
181808 | Zig:19   | Killed a dread lich
181838 | Zig:19   | Identified the staff "Fietelen" {^Drain rPois rCorr Int+5
                  | Alchemy}
181843 | Zig:19   | Identified the +5 great sword "Kolik" {vamp, rF+}
181848 | Zig:19   | Identified the ring "Hoawufil" {rPois rN+ Str+6 Dex-4}
181997 | Zig:19   | Identified the +8 rapier of Tohalag {pain, rF+ Dex+4}
182024 | Zig:20   | Entered Level 20 of a ziggurat
182038 | Zig:20   | Reached skill level 15 in Hexes
182196 | Zig:20   | Identified the +5 scimitar of Victory {flame, rElec Str-5
                  | Int+5 SInv}
182215 | Zig:20   | Identified the ring of Iqeimpa {rN+ SInv}
182227 | Zig:20   | Identified the +3 sling "Killer Klown's Curse" {antimagic,
                  | rF+}
182228 | Zig:20   | Identified the ring "Askerph" {Str+5 Int+6}
182239 | Zig:20   | Identified the staff "Somela" {rPois rF- rN+ Dex+3 Stlth+
                  | Alchemy}
182240 | Zig:20   | Identified the ring "Xaagh" {rElec rF+ Dex-5 Slay+3 SInv}
182255 | Zig:20   | Identified the +5 ring mail of Lockeps {Regen+}
182328 | Zig:20   | Learned a level 8 spell: Discord
182342 | Zig:21   | Entered Level 21 of a ziggurat
182347 | Zig:21   | Noticed Xeockil the pandemonium lord
182350 | Zig:21   | Noticed Tiopa the pandemonium lord
182351 | Zig:21   | Noticed Roebis the pandemonium lord
182351 | Zig:21   | Noticed Rom Civ the pandemonium lord
182351 | Zig:21   | Noticed Ecimoel the pandemonium lord
182351 | Zig:21   | Noticed Zuannad the pandemonium lord
182351 | Zig:21   | Noticed Ennuam the pandemonium lord
182351 | Zig:21   | Noticed Adod Kub the pandemonium lord
182351 | Zig:21   | Noticed Piuwkike the pandemonium lord
182351 | Zig:21   | Noticed Gablaef the pandemonium lord
182351 | Zig:21   | Noticed Goifaus the pandemonium lord
182351 | Zig:21   | Noticed Akasteoc the pandemonium lord
182351 | Zig:21   | Noticed Ywahalyt the pandemonium lord
182351 | Zig:21   | Noticed Mauc the pandemonium lord
182353 | Zig:21   | Killed Ecimoel the pandemonium lord
182353 | Zig:21   | Noticed Ronlo the pandemonium lord
182354 | Zig:21   | Noticed Notik the pandemonium lord
182355 | Zig:21   | Killed Roebis the pandemonium lord
182355 | Zig:21   | Killed Zuannad the pandemonium lord
182355 | Zig:21   | Noticed Dienasmi the pandemonium lord
182356 | Zig:21   | Noticed Otewn the pandemonium lord
182356 | Zig:21   | Killed Ronlo the pandemonium lord
182356 | Zig:21   | Killed Ennuam the pandemonium lord
182356 | Zig:21   | Killed Xeockil the pandemonium lord
182357 | Zig:21   | Killed Tiopa the pandemonium lord
182357 | Zig:21   | Noticed Xepoip the pandemonium lord
182358 | Zig:21   | Killed Adod Kub the pandemonium lord
182358 | Zig:21   | Killed Piuwkike the pandemonium lord
182358 | Zig:21   | Killed Ywahalyt the pandemonium lord
182359 | Zig:21   | Killed Notik the pandemonium lord
182359 | Zig:21   | Killed Otewn the pandemonium lord
182359 | Zig:21   | Killed Akasteoc the pandemonium lord
182359 | Zig:21   | Killed Xepoip the pandemonium lord
182359 | Zig:21   | Noticed Hufuq the pandemonium lord
182360 | Zig:21   | Killed Mauc the pandemonium lord
182361 | Zig:21   | Noticed Geinica the pandemonium lord
182361 | Zig:21   | Killed Goifaus the pandemonium lord
182361 | Zig:21   | Killed Gablaef the pandemonium lord
182361 | Zig:21   | Noticed Sefykevo the pandemonium lord
182362 | Zig:21   | Found the +2 hat of the Bear Spirit {Spirit, Bear, *Rage
                  | Will++}
182362 | Zig:21   | Killed Rom Civ the pandemonium lord
182366 | Zig:21   | Killed Sefykevo the pandemonium lord
182368 | Zig:21   | Killed Geinica the pandemonium lord
182370 | Zig:21   | Killed Dienasmi the pandemonium lord
182374 | Zig:21   | Killed Hufuq the pandemonium lord
182584 | Zig:21   | Identified the +9 rapier "Jijap" {freeze, rElec Will++}
182589 | Zig:21   | Identified the +0 scale mail "Harryam" {Regen+ rCorr}
182597 | Zig:21   | Identified the amulet of Job Fic {rElec rF+ rC++ Will+
                  | Regen+}
182738 | Zig:22   | Entered Level 22 of a ziggurat
182758 | Zig:22   | Noticed Yshreh Cavi the pandemonium lord
182788 | Zig:22   | Killed Yshreh Cavi the pandemonium lord
183031 | Zig:22   | Identified the ring "Wuwkeah" {rN+ Will+ rCorr EV+5}
183098 | Zig:22   | Identified the ring "Bieg" {Will+ Str-3 Int+8}
183117 | Zig:22   | Identified the +10 rapier "Qiotuyci" {flame, *Noise Will++
                  | Int+6}
183236 | Zig:23   | Entered Level 23 of a ziggurat
183242 | Zig:23   | Noticed a dread lich
183242 | Zig:23   | Noticed a dread lich
183244 | Zig:23   | Noticed a dread lich
183245 | Zig:23   | Noticed an ancient lich
183245 | Zig:23   | Paralysed by a dread lich for 3 turns
183246 | Zig:23   | Noticed an ancient lich
183246 | Zig:23   | Noticed a dread lich
183246 | Zig:23   | Noticed a dread lich
183247 | Zig:23   | Noticed an ancient lich
183247 | Zig:23   | Noticed a dread lich
183247 | Zig:23   | Noticed an ancient lich
183248 | Zig:23   | Noticed an ancient lich
183249 | Zig:23   | Killed a dread lich
183249 | Zig:23   | Killed a dread lich
183250 | Zig:23   | Noticed a dread lich
183250 | Zig:23   | Noticed an ancient lich
183250 | Zig:23   | Killed an ancient lich
183251 | Zig:23   | Noticed a dread lich
183251 | Zig:23   | Noticed a dread lich
183251 | Zig:23   | Killed a dread lich
183251 | Zig:23   | Killed an ancient lich
183251 | Zig:23   | Killed a dread lich
183251 | Zig:23   | Killed a dread lich
183251 | Zig:23   | Killed an ancient lich
183251 | Zig:23   | Paralysed by something for 2 turns
183252 | Zig:23   | Killed an ancient lich
183252 | Zig:23   | Killed a dread lich
183253 | Zig:23   | Noticed an ancient lich
183253 | Zig:23   | Noticed an ancient lich
183253 | Zig:23   | Killed an ancient lich
183255 | Zig:23   | Noticed a dread lich
183258 | Zig:23   | Killed an ancient lich
183258 | Zig:23   | Killed a dread lich
183259 | Zig:23   | Killed a dread lich
183260 | Zig:23   | Killed an ancient lich
183260 | Zig:23   | Killed an ancient lich
183260 | Zig:23   | Killed a dread lich
183260 | Zig:23   | Killed a dread lich
183267 | Zig:23   | Found the +8 frozen axe "Frostbite" {freeze, freezing
                  | cloud, *Noise Fly rC+}
183271 | Zig:23   | Found the +6 Majin-Bo {spellvamp, MP+6 Int+6}
183381 | Zig:23   | Identified the +4 chain mail of Farfalle {*Slow rElec Will+
                  | rCorr}
183384 | Zig:23   | Identified the +10 hand axe of Picunlogh {holy, *Rage Will+
                  | Stlth+}
183392 | Zig:23   | Identified the staff "Xiypheigi" {rF+ rN+ Will+ Necro}
183403 | Zig:23   | Identified the +1 plate armour "Konizeef" {Int+2}
183404 | Zig:23   | Identified the +1 cloak "Nasumiul" {Harm +Inv rN+ Dex+3}
183618 | Zig:24   | Entered Level 24 of a ziggurat
183653 | Zig:24   | Found the +4 consecrated labrys {holy, Valiant ^Fragile Fly
                  | SInv}
183657 | Zig:24   | Identified the +3 triple crossbow "Worm" {speed, rElec rC-
                  | rN++ Dex+2}
183660 | Zig:24   | Identified the ring "Wulenep" {rElec rC+ Str-4 Dex+5}
183864 | Zig:24   | Identified the +10 mace "Killer Bee's Bane" {flame, ^Drain
                  | rPois Int+4}
183867 | Zig:24   | Identified the +9 whip "Egg" {flame, MP+9}
183873 | Zig:24   | Identified the +0 chain mail "Kiatang" {rC+ MP+9 Dex+2}
184013 | Zig:25   | Entered Level 25 of a ziggurat
184023 | Zig:25   | Noticed an ancient lich
184032 | Zig:25   | Killed an ancient lich
184056 | Zig:25   | Identified the +6 scale mail of Unezunga {Fly rElec rN+++
                  | Str-4}
184118 | Zig:25   | Identified the +6 orcbow of the Iron City of Dis {drain,
                  | rCorr Str-3 Dex+9 Stlth+}
184147 | Zig:25   | Identified the ring "Baaqumom" {rF- rC- Will+++ EV+5
                  | Slay+6}
184458 | Zig:26   | Entered Level 26 of a ziggurat
184728 | Zig:26   | Identified the +1 robe of Lucupt {Dex+3 Slay+2}
184741 | Zig:26   | Identified the +5 hand axe "Muochuro" {heavy, Int+3}
184746 | Zig:26   | Identified the ring of Osown {Wiz Fly Dex+4}
184834 | Zig:27   | Entered Level 27 of a ziggurat
184857 | Zig:27   | Found the +5 moon troll leather armour {Spirit, Regen++
                  | MP+5}
185002 | Zig:27   | Identified the +4 quarterstaff "Yrrikare" {drain, Dex+4}
185006 | Zig:27   | Identified the +10 morningstar "Huamelog" {freeze, rPois
                  | Will+ Int+2 Stlth+}
185017 | Zig:27   | Identified the +1 robe of Wonder {Harm *Slow rC+ Dex+3}
185021 | Zig:27   | Identified the staff of the Sneaky Xenophobes {rF- rN+
                  | rCorr Str+2 Stlth+ Necro}
185029 | Zig:27   | Identified the ring "Wuahungab" {rPois rN+ Stlth+}
185163 | Zig:27   | Identified the ring "Deomaer" {Ice rElec Will+ Dex-5
                  | Stlth+}
185248 | Zig:27   | Identified the +0 ring mail "Cyvvyg" {rPois rC+ Str-2 Dex+2
                  | Slay+3}
185299 | Lair:1   | Acquired the ring of Eternal Night {Fly MP+9 Str+4 Dex+2
                  | Slay+2}
185300 | Lair:1   | Acquired the +4 pair of boots "Zudo" {rF+}
185321 | Lair:1   | Acquired a manual of Maces & Flails
185428 | Lair:1   | Learned a level 9 spell: Dragon's Call
185436 | Zig:1    | Entered Level 1 of a ziggurat
185489 | Zig:2    | Entered Level 2 of a ziggurat
185545 | Zig:3    | Entered Level 3 of a ziggurat
185639 | Zig:4    | Entered Level 4 of a ziggurat
185639 | Zig:4    | Noticed Caes the pandemonium lord
185640 | Zig:4    | Killed Caes the pandemonium lord
185768 | Zig:5    | Entered Level 5 of a ziggurat
185769 | Zig:5    | Noticed Tinunoxec the pandemonium lord
185771 | Zig:5    | Killed Tinunoxec the pandemonium lord
185875 | Zig:6    | Entered Level 6 of a ziggurat
185879 | Zig:6    | Reached skill level 27 in Shields
185887 | Zig:6    | Identified the ring "Zigemuec" {rN+ Str+3 Dex-2}
185890 | Zig:6    | Identified the staff "Boyz" {+Blink Conj}
186012 | Zig:6    | Identified the +4 ring mail "Zop Sovemyla" {Harm +Inv
                  | Dex-3}
186072 | Zig:7    | Entered Level 7 of a ziggurat
186073 | Zig:7    | Noticed a dread lich
186074 | Zig:7    | Noticed an ancient lich
186075 | Zig:7    | Noticed an ancient lich
186077 | Zig:7    | Killed a dread lich
186077 | Zig:7    | Killed an ancient lich
186077 | Zig:7    | Killed an ancient lich
186078 | Zig:7    | Noticed an ancient lich
186078 | Zig:7    | Found the +3 pair of mountain boots {steadfast, rC+}
186083 | Zig:7    | Killed an ancient lich
186159 | Zig:7    | Identified the ring of Cefuage {rPois Dex+5 Slay-6 SInv}
186167 | Zig:7    | Identified the +2 shortbow of the Spinneret {drain, rPois}
186169 | Zig:7    | Identified the staff of Instinct {+Blink rElec rC- Stlth+
                  | Conj}
186211 | Zig:8    | Entered Level 8 of a ziggurat
186371 | Zig:8    | Identified the +1 war axe "Samnessadd" {speed, rN+ Dex+5}
186431 | Zig:8    | Acquired a manual of Polearms
186500 | Zig:9    | Entered Level 9 of a ziggurat
186506 | Zig:9    | Identified the +1 buckler of the Dungeon {Will- Str+3}
186508 | Zig:9    | Identified the +3 buckler of Insurance {Str+3 Stlth+}
186656 | Zig:9    | Identified the amulet of the Princeling {Faith -Tele rElec
                  | Str+6}
186757 | Zig:10   | Entered Level 10 of a ziggurat
186764 | Zig:10   | Found the +18 shield of the Gong {Loud rN+ Will+ rCorr
                  | EV-5}
186870 | Zig:10   | Identified the +2 pair of boots of the Lotus Blossom {rF+}
186881 | Zig:10   | Identified the +1 great sword "Lyseor" {elec, Int+3}
186984 | Zig:11   | Entered Level 11 of a ziggurat
186991 | Zig:11   | Noticed Kiph the pandemonium lord
187001 | Zig:11   | Killed Kiph the pandemonium lord
187141 | Zig:11   | Identified the amulet "Cuceomm" {Spirit Regen+}
187155 | Zig:11   | Identified the staff "Erowuzer" {rC+ Str+4 Ice}
187303 | Zig:12   | Entered Level 12 of a ziggurat
187529 | Zig:12   | Identified the death talisman of Incorporation {rC- Str+2
                  | Dex+5}
187535 | Zig:12   | Identified the staff of Ziqylus {rC+ rN+ Necro}
187540 | Zig:12   | Identified the +11 glaive "Xilayn Syih" {antimagic, Dex+3}
187595 | Zig:13   | Entered Level 13 of a ziggurat
187604 | Zig:13   | Noticed a dread lich
187605 | Zig:13   | Noticed a dread lich
187605 | Zig:13   | Noticed an ancient lich
187605 | Zig:13   | Noticed a dread lich
187605 | Zig:13   | Found the amulet of the Air {Inacc Air Fly rElec RMsl}
187606 | Zig:13   | Noticed an ancient lich
187607 | Zig:13   | Noticed a dread lich
187607 | Zig:13   | Killed a dread lich
187608 | Zig:13   | Noticed an ancient lich
187609 | Zig:13   | Killed a dread lich
187609 | Zig:13   | Killed an ancient lich
187609 | Zig:13   | Killed a dread lich
187609 | Zig:13   | Killed an ancient lich
187609 | Zig:13   | Killed a dread lich
187609 | Zig:13   | Noticed an ancient lich
187610 | Zig:13   | Noticed a dread lich
187611 | Zig:13   | Noticed a dread lich
187613 | Zig:13   | Killed an ancient lich
187613 | Zig:13   | Killed a dread lich
187613 | Zig:13   | Killed a dread lich
187613 | Zig:13   | Noticed a dread lich
187614 | Zig:13   | Killed an ancient lich
187615 | Zig:13   | Reached skill level 27 in Armour
187617 | Zig:13   | Killed a dread lich
187627 | Zig:13   | Identified the ring "Qixajeiz" {rPois rF++ rN+}
187629 | Zig:13   | Identified the +5 scimitar of the Gazing Gods {protect,
                  | ^Contam rElec Dex+7}
187637 | Zig:13   | Identified the +9 long sword "Hell-Harrower" {antimagic,
                  | Str+5}
187742 | Zig:13   | Identified the +7 spear "Dasicwuk" {holy, Stlth+}
187755 | Zig:13   | Identified the staff of Ashenzari's Pride {rElec rC++ Air}
187920 | Zig:14   | Entered Level 14 of a ziggurat
187926 | Zig:14   | Noticed a juggernaut
187928 | Zig:14   | Noticed a juggernaut
187930 | Zig:14   | Noticed a juggernaut
187932 | Zig:14   | Killed a juggernaut
187932 | Zig:14   | Killed a juggernaut
187933 | Zig:14   | Killed a juggernaut
188196 | Zig:14   | Identified the +5 war axe "Miutt" {freeze, rPois SInv}
188203 | Zig:14   | Identified the +2 shortbow "Yjokka" {speed, Int+5 Dex+3}
188204 | Zig:14   | Identified the +2 long sword of the Invisible Mystics
                  | {drain, rElec}
188277 | Zig:15   | Entered Level 15 of a ziggurat
188289 | Zig:15   | Paralysed by an air elemental for 1 turns
188296 | Zig:15   | Found the +7 great mace "Undeadhunter" {deathbane, rN+}
188541 | Zig:15   | Identified the staff "Ubugoall" {rC+ Earth}
188545 | Zig:15   | Identified the staff "Hyurr" {rF+++ rC+ Dex-4 Stlth- Hexes
                  | Ice}
188546 | Zig:15   | Identified the +6 war axe of Keqank {drain, Will+}
188551 | Zig:15   | Identified the +5 scimitar "Riwoas" {antimagic, rCorr}
188554 | Zig:15   | Identified the +8 mace of Conformity {heavy, rPois rF+
                  | MP+9}
188558 | Zig:15   | Identified the +1 kite shield of a Million Curses {rN++}
188643 | Zig:16   | Entered Level 16 of a ziggurat
188653 | Zig:16   | Noticed a dread lich
188654 | Zig:16   | Noticed an ancient lich
188654 | Zig:16   | Noticed an ancient lich
188654 | Zig:16   | Noticed a dread lich
188654 | Zig:16   | Noticed a dread lich
188654 | Zig:16   | Noticed an ancient lich
188655 | Zig:16   | Noticed a dread lich
188655 | Zig:16   | Noticed an ancient lich
188655 | Zig:16   | Noticed an ancient lich
188655 | Zig:16   | Noticed a dread lich
188655 | Zig:16   | Noticed a dread lich
188656 | Zig:16   | Noticed an ancient lich
188656 | Zig:16   | Noticed a dread lich
188656 | Zig:16   | Noticed a dread lich
188657 | Zig:16   | Killed a dread lich
188657 | Zig:16   | Killed an ancient lich
188657 | Zig:16   | Killed an ancient lich
188657 | Zig:16   | Killed an ancient lich
188657 | Zig:16   | Killed a dread lich
188657 | Zig:16   | Killed a dread lich
188658 | Zig:16   | Killed an ancient lich
188658 | Zig:16   | Killed a dread lich
188658 | Zig:16   | Killed an ancient lich
188658 | Zig:16   | Killed a dread lich
188658 | Zig:16   | Killed a dread lich
188658 | Zig:16   | Killed an ancient lich
188661 | Zig:16   | Killed a dread lich
188661 | Zig:16   | Killed a dread lich
188736 | Zig:16   | Identified the +4 dagger "Hydrabane" {freeze, ^Drain rElec
                  | rC+++ SInv}
188738 | Zig:16   | Identified the +8 long sword of Petyskid {vamp, *Corrode
                  | rElec rC- Str+7}
188793 | Zig:16   | Identified the +0 mace of Zoor {freeze, rC++ Str+3 Dex-2}
188884 | Zig:16   | Learned a level 6 spell: Sculpt Simulacrum
188884 | Zig:16   | Reached skill level 27 in Dodging
188885 | Zig:16   | Reached skill level 10 in Necromancy
188909 | Zig:17   | Entered Level 17 of a ziggurat
188922 | Zig:17   | Paralysed by an air elemental for 1 turns
188926 | Zig:17   | Paralysed by an air elemental for 1 turns
188928 | Zig:17   | Reached skill level 15 in Necromancy
189082 | Zig:17   | Identified the ring of Gefotil {rF- AC+4 Int+5}
189084 | Zig:17   | Identified the +2 battleaxe "Afuuzeit" {protect, Dex+9
                  | Stlth-}
189087 | Zig:17   | Identified the ring of the Heron {rPois Will- rCorr Dex+4
                  | Stlth+}
189096 | Zig:17   | Identified the ring of Agoanali {rPois rF- Str+4}
189105 | Zig:17   | Identified the +5 hand axe of Moloafes {venom, Fly Int+2
                  | Dex-3}
189108 | Zig:17   | Identified the +6 morningstar of Starshine {heavy, rF+}
189344 | Zig:18   | Entered Level 18 of a ziggurat
189374 | Zig:18   | Found the +16 obsidian axe {drain, demonic, Mesm ^Drain Fly
                  | SInv}
189527 | Zig:18   | Identified the +0 plate armour of Defence {rCorr Int+4}
189537 | Zig:18   | Identified the ring "Cikohusm" {rF+ rC++ Slay+4}
189540 | Zig:18   | Identified the +8 orcbow "Dowej" {flame, rF+}
189541 | Zig:18   | Identified the staff "Qekaimim" {rC+ Str+3 Dex+2 Stlth-
                  | Fire Ice}
189543 | Zig:18   | Identified the ring "Hueme" {Fire Slay+5}
189546 | Zig:18   | Identified the +3 spear "Quhicok" {pain, ^Drain rF+ rCorr
                  | Dex+3}
189781 | Zig:19   | Entered Level 19 of a ziggurat
189975 | Zig:19   | Identified the ring "Vuorrio" {Ice ^Contam Fly rN+}
189985 | Zig:19   | Identified the ring of Jiwk {Fly rF+ rC+ Str+4}
189999 | Zig:19   | Identified the +3 plate armour of the Jolly Orbs {^Contam
                  | rC+ Dex+5}
190000 | Zig:19   | Identified the staff of Oklituf {+Blink rN+++ Stlth- Summ
                  | Earth}
190006 | Zig:19   | Identified the +4 broad axe "Burhuoxi" {flame, +Blink MP+9
                  | Int-2}
190010 | Zig:19   | Identified the ring of the Burgomaster {Fly rF+}
190154 | Zig:19   | Identified the +2 plate armour "Zunli" {rPois Dex+4}
190283 | Zig:20   | Entered Level 20 of a ziggurat
190297 | Zig:20   | Identified the +1 tower shield of Wudon {Int+3}
190298 | Zig:20   | Identified the +8 tower shield of Ynleid {rC++ Dex-5}
190299 | Zig:20   | Noticed a seraph
190299 | Zig:20   | Identified the +0 tower shield of the Storm King {rN+
                  | Dex+3}
190305 | Zig:20   | Identified the +13 tower shield of Rasut {rPois rN+ Dex-5}
190306 | Zig:20   | Identified the +5 tower shield of Qidan {Harm *Slow Str+4
                  | Slay+6}
190314 | Zig:20   | Killed a seraph
190498 | Zig:20   | Identified the +4 tower shield of the Mauling Gods {rPois
                  | rF- rCorr} (You took it off a daeva on level 20 of a
                  | ziggurat)
190533 | Zig:20   | Identified the +1 tower shield "Loymir" {Str+5} (You took
                  | it off a daeva on level 20 of a ziggurat)
190533 | Zig:20   | Identified the +3 leather armour of the Trombone {Will+
                  | Str+4}
190559 | Zig:20   | Identified the ring of Balance {rPois Str+3 Slay+3}
190561 | Zig:20   | Identified the ring of Wiucen {Fly rCorr}
190622 | Zig:20   | Identified the +2 scale mail of the Bedazzling Gods
                  | {Stlth+}
190623 | Zig:20   | Identified the staff of Vaocedoll {+Blink rF+ Str-4 Dex+5
                  | Fire}
190697 | Zig:20   | Identified the amulet "Etanuimi" {RegenMP Dex+4}
190707 | Zig:20   | Identified the ring of Rekkauf {rElec rCorr SInv Stlth+}
190760 | Zig:21   | Entered Level 21 of a ziggurat
190774 | Zig:21   | Reached skill level 27 in Necromancy
190884 | Zig:21   | Identified the +11 halberd of Grandeur {heavy, Fly MP+9}
190885 | Zig:21   | Identified the amulet "Uceerrum" {Spirit SInv Stlth+}
190901 | Zig:21   | Identified the +5 crystal plate armour of the Little Devil
                  | {rPois Regen+}
190909 | Zig:21   | Identified the +10 scimitar of Ewkujone {flame, Will+ rCorr
                  | Dex+3}
191258 | Zig:22   | Entered Level 22 of a ziggurat
191280 | Zig:22   | Reached skill level 27 in Evocations
191285 | Zig:22   | Found the amulet of Vitality {RegenMP++ Regen++}
191629 | Zig:22   | Identified the staff of Spite {rF+ Will+ Dex+4 Conj Fire}
191632 | Zig:22   | Identified the +3 helmet "Itsaruynn" {*Corrode rF+++ Str-2
                  | Slay+5}
191645 | Zig:22   | Identified the ring "Eniesuv" {rPois rN+ Will- Str+9
                  | Stlth-}
191647 | Zig:22   | Identified the staff "Loteix" {rElec rF+ rC+ Int-5 Fire}
191655 | Zig:22   | Identified the +0 scale mail of Privacy {Will+ Dex+9}
191753 | Zig:22   | Identified the +3 ring mail of Ymuuheg {Str+2}
191794 | Zig:23   | Entered Level 23 of a ziggurat
192040 | Zig:23   | Identified the +2 flail of Nolo Contendere {flame, rElec
                  | rF+ Int+3 Dex-5}
192048 | Zig:23   | Identified the amulet of the Lich-sworn {Spirit Int+3}
192052 | Zig:23   | Identified the ring "Xydwubin" {rC+ Will+ MP+9 Int+2 SInv}
192066 | Zig:23   | Identified the staff "Aruelofu" {rN+ Str+4 Int+2 Necro
                  | Earth}
192086 | Zig:23   | Identified the +8 falchion of the Imperium {vamp, *Corrode
                  | Int+2 Dex+4}
192088 | Zig:23   | Identified the staff of Corawan {rElec rF+ Conj}
192198 | Zig:24   | Entered Level 24 of a ziggurat
192213 | Zig:24   | Noticed a dread lich
192215 | Zig:24   | Paralysed by a dread lich for 3 turns
192218 | Zig:24   | Killed a dread lich
192220 | Zig:24   | Noticed an ancient lich
192221 | Zig:24   | Noticed a dread lich
192221 | Zig:24   | Noticed a dread lich
192222 | Zig:24   | Noticed an ancient lich
192222 | Zig:24   | Noticed an ancient lich
192222 | Zig:24   | Noticed an ancient lich
192223 | Zig:24   | Noticed a dread lich
192223 | Zig:24   | Killed a dread lich
192223 | Zig:24   | Killed an ancient lich
192223 | Zig:24   | Killed an ancient lich
192223 | Zig:24   | Killed an ancient lich
192224 | Zig:24   | Killed an ancient lich
192224 | Zig:24   | Killed a dread lich
192224 | Zig:24   | Noticed a dread lich
192225 | Zig:24   | Reached skill level 27 in Polearms
192225 | Zig:24   | Noticed a dread lich
192227 | Zig:24   | Killed a dread lich
192229 | Zig:24   | Killed a dread lich
192229 | Zig:24   | Paralysed by a dread lich for 4 turns
192233 | Zig:24   | Killed a dread lich
192426 | Zig:24   | Identified the +10 quarterstaff of Kiwiely {speed, rElec
                  | Str+4 Int-2 SInv}
192473 | Zig:24   | Identified the +10 plate armour "Jusaec" {rC++ Str-3}
192478 | Zig:24   | Identified the staff "Cylisul" {rF+ Int+2 Fire}
192701 | Zig:25   | Entered Level 25 of a ziggurat
192857 | Zig:25   | Found the +9 staff of Olgreb {rPois∞}
192867 | Zig:25   | Identified the amulet of the Gazing Coward {Will+ Regen+
                  | Int+3 Slay+2 Stlth+}
192882 | Zig:25   | Identified the +6 broad axe of Tomorrow {distort, Str+3
                  | Int+4}
192884 | Zig:25   | Identified the +0 robe of the Storm King {rF+}
192887 | Zig:25   | Identified the +6 morningstar "Fakun" {freeze, rPois rC+
                  | Int+7 Dex-3}
192916 | Zig:25   | Identified the +0 spear of Termination {heavy, Str+2}
193305 | Zig:26   | Entered Level 26 of a ziggurat
193329 | Zig:26   | Noticed Moemut the pandemonium lord
193331 | Zig:26   | Killed Moemut the pandemonium lord
193335 | Zig:26   | Reached skill level 27 in Fire Magic
193341 | Zig:26   | Found the +7 Spriggan's Knife {stab, EV+4 Stlth+}
193727 | Zig:26   | Identified the +3 leather armour of Ru's Supremacy {+Blink
                  | Regen+}
193731 | Zig:26   | Identified the +4 hand axe of Jeniumn {freeze, rElec}
193732 | Zig:26   | Identified the +3 war axe of Woabriesk {venom, *Rage Dex+6}
193740 | Zig:26   | Identified the +9 shortbow "Pack" {heavy, rN+ rCorr Int+3
                  | Dex-4}
193747 | Zig:26   | Identified the +8 scimitar of Diet Blood {flame, ^Drain
                  | rElec Int+3}
193752 | Zig:26   | Identified the +0 ring mail of Life {Int+7}
193758 | Zig:26   | Identified the +0 ring mail of Loss {Will+ Regen+ Dex+2
                  | SInv}
193956 | Zig:27   | Entered Level 27 of a ziggurat
193968 | Zig:27   | Noticed a juggernaut
193970 | Zig:27   | Noticed a juggernaut
193972 | Zig:27   | Noticed a juggernaut
193972 | Zig:27   | Noticed a juggernaut
193973 | Zig:27   | Killed a juggernaut
193973 | Zig:27   | Killed a juggernaut
193973 | Zig:27   | Killed a juggernaut
193975 | Zig:27   | Noticed a juggernaut
193977 | Zig:27   | Noticed a juggernaut
193979 | Zig:27   | Killed a juggernaut
193979 | Zig:27   | Killed a juggernaut
193979 | Zig:27   | Killed a juggernaut
193981 | Zig:27   | Noticed a juggernaut
193988 | Zig:27   | Killed a juggernaut
193989 | Zig:27   | Reached skill level 27 in Summonings
194251 | Zig:27   | Identified the +2 long sword "Colots" {flame, rF++ rN+}
194254 | Zig:27   | Identified the +3 war axe of Doom {pain, rN++}
194256 | Zig:27   | Identified the amulet "Gorghot" {Faith rElec}
194258 | Zig:27   | Identified the +9 broad axe "Asutap" {antimagic, Dex+3}
194262 | Zig:27   | Identified the +1 leather armour "Quiddyh" {rC+ rN+ Int+2}
194265 | Zig:27   | Identified the +5 orcbow of Miudot {speed, Will+ rCorr
                  | Int+4 Stlth-}
194271 | Zig:27   | Identified the amulet "Zaumuth" {RegenMP Int+5}
194992 | Tar:1    | Entered Level 1 of Tartarus
195132 | Tar:4    | You fall into a shaft and drop 2 floors!
195171 | Tar:7    | Entered Level 7 of Tartarus
195174 | Tar:7    | Noticed a dread lich
195179 | Tar:7    | Killed a dread lich
195216 | Tar:7    | Noticed an ancient lich
195223 | Tar:7    | Noticed Ereshkigal
195230 | Tar:7    | Killed Ereshkigal
195230 | Tar:7    | Killed an ancient lich
195271 | Tar:7    | Noticed a dread lich
195274 | Tar:7    | Got a bone rune of Zot
195283 | Tar:7    | Killed a dread lich
195327 | Tar:7    | Found the +10 tower shield of Ignorance {rN+ Int-4}
195330 | Tar:7    | Identified the +7 spear of Prudence {speed, rF+ Dex+4}
195357 | Tar:7    | Reached skill level 27 in Hexes
195364 | Tar:7    | Reached skill level 10 in Translocations
195391 | Tar:7    | Found the sphere of Battle
195451 | Tar:7    | Found the brooch of Shielding {Spirit SH+8}
195461 | Tar:7    | Identified the +0 cloak of the Narrow God {rCorr Str+3}
195550 | Tar:7    | Identified the +0 long sword "Reddu" {spect, Int+4}
195551 | Tar:7    | Identified the ring "Faqef" {rC+ Will+ Str+3}
195573 | Tar:7    | Identified the +0 mace "Cuiwew" {pain, Int+5 Dex+3 Stlth+}
195637 | Coc:1    | Entered Level 1 of Cocytus
195642 | Coc:1    | Paralysed by a wendigo for 1 turns
195723 | Coc:4    | Reached skill level 15 in Translocations
195770 | Coc:7    | Entered Level 7 of Cocytus
195791 | Coc:7    | Paralysed by a wendigo for 1 turns
195808 | Coc:7    | Identified the ring of Mipto {rPois Will+}
195843 | Coc:7    | Paralysed by a wendigo for 1 turns
195892 | Coc:7    | Noticed Antaeus
195901 | Coc:7    | Killed Antaeus
195903 | Coc:7    | Identified the +6 mace of Resourcefulness {drain, rCorr}
195908 | Coc:7    | Identified the +0 cloak "Qodeaci" {Str+3}
195922 | Coc:7    | Got an icy rune of Zot
196083 | Geh:1    | Entered Level 1 of Gehenna
196269 | Geh:7    | Entered Level 7 of Gehenna
196290 | Geh:7    | Noticed the Serpent of Hell
196298 | Geh:7    | Killed the Serpent of Hell
196306 | Geh:7    | Found the +13 sceptre of Asmodeus
196306 | Geh:7    | Noticed Asmodeus
196312 | Geh:7    | Killed Asmodeus
196317 | Geh:7    | Got an obsidian rune of Zot
196380 | Geh:7    | Identified the ring of Boeliumm {Fire Fly rN++ Int+2 Dex-4}
196397 | Geh:7    | Identified the ring "Ruoloecs" {rPois rN+ Will- Dex+5}
196434 | Geh:7    | Identified the +5 scale mail of Fortitude {Rampage rN+
                  | Dex+2}
196828 | Dis:7    | Entered Level 7 of the Iron City of Dis
196844 | Dis:7    | Noticed an ancient lich
196845 | Dis:7    | Killed an ancient lich
196876 | Dis:7    | Noticed Dispater
196877 | Dis:7    | Noticed a juggernaut
196879 | Dis:7    | Killed a juggernaut
196882 | Dis:7    | Killed Dispater
196896 | Dis:7    | Got an iron rune of Zot
196897 | Dis:7    | Identified the ring of Xisus {Fly rC- rN++ Str+3}
197199 | Zot:5    | Got the Orb of Zot
197215 | Zot:5    | Noticed a seraph
197533 | D:15     | Killed Roxanne
197974 | D:$      | Escaped with the Orb!

Illustrated notes

Levels and vault maps discovered:
D:1:      dpeg_arrival_shrine, layout_loops_ring,
          hellmonk_ecumenical_altar_crossroads, nicolae_figureground_pulse
D:2:      layout_loops_cross, hangedman_decor_clover_reticule, grunt_decor_cap
D:3:      layout_basic, nicolae_titane
D:4:      layout_basic
D:5:      layout_rooms, good_gods_mini_temple, lemuel_crystal_altar,
          kennysheep_mini_moat
D:6:      layout_basic, ebering_ghost_sewer_f, minmay_misc_feat_room,
          uniq_duvessa
D:7:      layout_basic
D:8:      layout_basic, enter_bailey_8, uniq_joseph, uniq_jeremiah, uniq_maggie
D:9:      layout_grid_maze, grunt_temple_overflow_open, orc_david_3
D:10:     layout_basic, uniq_erica
D:11:     layout_basic, grunt_lair_entry_orc_guard_hut, serial_shops,
          nicolae_shop_trees, serial_glass, glass_columns_a, glass_columns_a
D:12:     layout_roguey, uniq_nessos
D:13:     slaughterhouse, layout_gridville, erik_vaults_1
D:14:     layout_loops_ring
D:15:     hellmonk_depths_entry_around_the_bend, layout_basic, serial_shops,
          shop, elyvilon_altar_4, hellmonk_sif_muna_bookshelves, uniq_roxanne,
          uniq_agnes
Temple:   nicolae_temple_no_exploring_needed
Lair:1:   layout_long_grid, worms_lemuel, uniq_amaemon
Lair:2:   layout_regular_city, minmay_swamp_entry_worms,
          hellmonk_spider_entry_not_the_bees, gammafunk_ghost_icy,
          forest_entry_grove
Lair:3:   layout_long_grid, infiniplex_staircase_pool
Lair:4:   layout_regular_city, minmay_slime_entry_jelly_boxes,
          nicolae_lair_lil_pond, chequers_serial_rivers_micro_c
Lair:5:   hellmonk_lair_end_abyssal_woods, layout_concentric_octagons
Swamp:1:  layout_basic_swamp, nicolae_swamp_tree_designs
Swamp:2:  cheibrodos_swamp_heart_of_darkness, layout_basic_swamp,
          lemuel_altar_in_water, swamp_pool_4, nicolae_swamp_small_spring,
          nicolae_swamp_spriggan_camp, uniq_frances
Swamp:3:  layout_falls_marsh, gammafunk_ghost_arena, nicolae_swamp_stair_fork,
          swamp_pool_4, uniq_mara
Swamp:4:  grunt_swamp_rune_castle, layout_basic_swamp, swamp_pool_1_2
Spider:1: layout_cave_pods, nicolae_spider_circle_web
Spider:2: layout_spider_delve, nicolae_spider_orb_run, uniq_arachne, uniq_louise
Spider:3: layout_spider_delve, portal_ice_cave_entry_pillars_2, uniq_donald
Spider:4: hellmonk_spider_rune_endless_swarm
Slime:1:  layout_caves
Slime:2:  layout_caves
Slime:3:  layout_caves
Slime:4:  layout_caves, nicolae_slime_getting_an_eyeful
Slime:5:  slime_pit_nicolae_inversion
Orc:1:    layout_diamond_mine
Orc:2:    grunt_orc_tribal_feast, layout_caves, serial_shops,
          nicolae_square_shop, nicolae_orc_lava_room, uniq_saint_roka
Elf:1:    layout_geoelf_grid, serial_shops, nicolae_shop_hallway_stairs,
          hangedman_elf_represent, st_stairs_10
Elf:2:    nicolae_elf_blades_crystal_corner, layout_geoelf_diagonals,
          serial_shops, nicolae_shop_dealshenge,
          minmay_shop_enchanted_jewellery, hellmonk_guarded_unrand_damnation
Elf:3:    minmay_elf_hall_statues, layout_geoelf_grid, serial_shops,
          nicolae_shop_scrapyard, minivault_28, uniq_boris
Vaults:1: nicolae_vaults_inception_corners, grunt_vaults_twisty,
          v_alt_pattern_3, ontoclasm_vaults_ring_small,
          nicolae_vaults_little_squares_2, vaults_room_hangedman_quadrants,
          nicolae_vaults_little_squares_3, vaults_dpeg_diagonal,
          layout_vaults_big_room
Vaults:2: gammafunk_ghost_spectres, v_rooms_3, v_misc_15, st_greater_box_1,
          vaults_room_hallway, v_misc_30, nicolae_vaults_trapezoid_lopsided_3,
          layout_vaults_omnigrid, serial_shops, shop
Vaults:3: nicolae_vaults_sightless_eye, v_misc_11,
          nicolae_vaults_security_offices_4, blue_anna_dwarven_crypt,
          nicolae_vaults_closet_pinwheel_5, v_misc_22, nicolae_vaults_two_Ls,
          v_misc_22, nicolae_vaults_more_shelving_1, nicolae_vaults_house_2,
          nicolae_vaults_more_shelving_2, nicolae_vaults_storage_closets_2,
          layout_vaults_omnicross, uniq_nikola
Vaults:4: lightli_enter_wizlab_magi_temple, grunt_vaults_swirl,
          hangedman_vaults_hard_town_square, v_misc_3,
          nicolae_vaults_tetromino_L_2, nicolae_vaults_turnstiles, v_misc_4,
          vaults_standard_mumra_enter_the_diamond,
          nicolae_vaults_border_crossing, nicolae_vaults_little_squares_4,
          nicolae_vaults_tetromino_Z_1, layout_vaults_ring, serial_shops, shop,
          nicolae_shop_tiny_statue_garden
Vaults:5
Crypt:1:  layout_chaotic_city
Crypt:2:  layout_misc_corridors
Crypt:3:  evilmike_haunted_forest
Tomb:1
Tomb:2
Tomb:3
Depths:1: layout_gridlike, hellmonk_ghost_happy_afterlife,
          minmay_misc_feat_alley, pf_hell_entry_great_geh, hex_tiny, drop_trap,
          corexii_hall_statues_i, lemuel_angel_altar, grunt_megastairs_4,
          serial_bayou_shore_b, uniq_bai_suzhen
Depths:2: hellmonk_crumbling_castle, layout_honeycomb, enter_ziggurat_b,
          grunt_hell_horde, rand_demon_pan_entry_1, abyss_entry,
          okawaru_altar_gauntlet_db, uniq_sojobo
Depths:3: dreamdust_cat_pyramid, layout_long_grid, abyss_entry_crystal,
          hell_entry, hangedman_decor_peaks_small, kennysheep_generic_room_8,
          minmay_shoptagon, infiniplex_staircase_x
Depths:4: hangedman_pleasuredromes, hell_entry, abyss_entry
Hell
Dis:1:    layout_subdivisions, amcnicky_altar_lugonu_corruption
Dis:2:    layout_subdivisions, nicolae_dis_scattering
Dis:3:    layout_overlapping_boxes, nicolae_dis_strange_trophy_room
Dis:4:    layout_overlapping_boxes, nicolae_dis_distal_crystal
Dis:5:    layout_regular_city
Dis:6:    layout_subdivisions, nicolae_dis_emergency_hatch
Dis:7:    dis_st
Geh:1:    layout_gehenna_pools_basic
Geh:2:    layout_gehenna_pools_box, hangedman_gehenna_grave_pits,
          nicolae_hells_seeping_fissure
Geh:3:    layout_gehenna_pools_basic
Geh:4:    layout_gehenna_lava_caves
Geh:5:    layout_gehenna_lava_caves, nicolae_geh_single_fiery_grave
Geh:6:    layout_gehenna_pools_triple, nicolae_hells_hurtin_island
Geh:7:    geh_grunt
Coc:1:    layout_ice_bergs
Coc:2:    layout_cocytus_delve
Coc:3:    layout_ice_bergs
Coc:4:    layout_ice_bergs
Coc:5:    nooodl_cocytus_jagged_cave
Coc:6:    layout_ice_bergs
Coc:7:    coc_grunt
Tar:1:    layout_grid_maze, nicolae_tar_honey_rotating
Tar:2:    layout_cathedral_of_symmetry
Tar:3:    layout_catacombs
Tar:4:    layout_catacombs, nicolae_tar_cuneiform_sun
Tar:6:    layout_honeycomb
Tar:7:    tar_old
Zot:1:    layout_misc_corridors, regret_index_zotdec_split_disrupt
Zot:2:    minmay_elemental_castle, layout_misc_corridors
Zot:3:    layout_misc_corridors, st_small_dragon_hoard_2, grunt_megastairs_1
Zot:4:    layout_gridlike
Zot:5:    layout_twisted_circle, skrybe_zot_glass_3

Skill      XL: |  1  2  3  4  5  6  7  8  9 10 11 12 13 14 15 16 17 18 19 20 21 22 23 24 25 26 27 |
---------------+----------------------------------------------------------------------------------+-----
Conjurations   | 1 2 6 8 27 | 27.0
Spellcasting   | 2 3 4 7 9 10 11 12 13 14 17 18 27 | 27.0
Air Magic      | 1 2 4 8 27 | 27.0
Alchemy        | 3 5 6 7 9 |  9.6
Fighting       | 3 6 7 8 10 15 27 | 27.0
Fire Magic     | 3 5 8 11 13 15 16 17 27 | 27.0
Evocations     | 5 6 8 9 11 27 | 27.0
Staves         | 3 4 |  4.0
Necromancy     | 5 8 27 | 27.0
Summonings     | 6 27 | 27.0
Maces & Flails | 3 5 |  5.1
Ice Magic      | 6 10 12 16 18 23 27 | 27.0
Translocations | 5 24 | 24.5
Hexes          | 2 5 27 | 27.0
Earth Magic    | 7 8 11 27 | 27.0
Stealth        | 10 27 | 27.0
Shields        | 27 | 27.0
Armour         | 27 | 27.0
Dodging        | 27 | 27.0
Throwing       | 18 | 18.0
Polearms       | 27 | 27.0

Action                     |  1- 3 |  4- 6 |  7- 9 | 10-12 | 13-15 | 16-18 | 19-21 | 22-24 | 25-27 || total
---------------------------+-------+-------+-------+-------+-------+-------+-------+-------+-------++-------
  Melee: Unarmed           |    30 |       |       |       |       |       |       |       |       ||    30
         Staff             |    31 |    55 |   120 |   195 |    92 |     8 |    69 |    43 |   225 ||   838
         Punch             |     1 |     1 |     5 |     3 |     2 |     1 |     1 |       |     1 ||    15
         Falchion          |       |       |    70 |    13 |       |       |       |       |       ||    83
         Demon whip        |       |       |       |       |    22 |    14 |       |    23 |       ||    59
  Throw: Boomerang         |       |       |     1 |       |       |       |     1 |     1 |       ||     3
         Javelin           |       |       |       |       |       |       |       |       |     6 ||     6
   Cast: Sting             |    58 |    61 |    18 |     9 |       |       |       |       |       ||   146
         Olgreb's Toxic Ra |       |     3 |    41 |    97 |   149 |   182 |   207 |   151 |    62 ||   892
         Mephitic Cloud    |       |       |    15 |    47 |    23 |    34 |    12 |    14 |     3 ||   148
         Dispel Undead     |       |       |       |    28 |    40 |    23 |    57 |   298 |    54 ||   500
         Vampiric Draining |       |       |       |    41 |   132 |    11 |    43 |    15 |     3 ||   245
         Martyr's Knell    |       |       |       |     9 |    20 |     1 |       |       |       ||    30
         Ignite Poison     |       |       |       |       |   122 |   197 |   268 |   209 |    72 ||   868
         Sticky Flame      |       |       |       |       |    23 |     7 |     2 |     4 |     5 ||    41
         Freezing Cloud    |       |       |       |       |    14 |    75 |   156 |    18 |       ||   263
         Volatile Blastmot |       |       |       |       |       |    22 |       |       |       ||    22
         Blink             |       |       |       |       |       |     8 |     3 |     6 |     3 ||    20
         Fireball          |       |       |       |       |       |     1 |       |       |       ||     1
         Conjure Ball Ligh |       |       |       |       |       |    12 |    21 |       |       ||    33
         Metabolic Englaci |       |       |       |       |       |     9 |    83 |     5 |       ||    97
         Leda's Liquefacti |       |       |       |       |       |       |     7 |       |       ||     7
         Passwall          |       |       |       |       |       |       |     3 |       |       ||     3
         Brom's Barrelling |       |       |       |       |       |       |       |   134 |     3 ||   137
         Ozocubu's Refrige |       |       |       |       |       |       |       |   161 |   540 ||   701
         Ignition          |       |       |       |       |       |       |       |     6 |   587 ||   593
         Lee's Rapid Decon |       |       |       |       |       |       |       |       |    78 ||    78
         Shatter           |       |       |       |       |       |       |       |       |   256 ||   256
         Polar Vortex      |       |       |       |       |       |       |       |       |   184 ||   184
         Death Channel     |       |       |       |       |       |       |       |       |    74 ||    74
         Chain Lightning   |       |       |       |       |       |       |       |       |    61 ||    61
         Dragon's Call     |       |       |       |       |       |       |       |       |    42 ||    42
         Lehudib's Crystal |       |       |       |       |       |       |       |       |    17 ||    17
         Summon Horrible T |       |       |       |       |       |       |       |       |    11 ||    11
         Discord           |       |       |       |       |       |       |       |       |     6 ||     6
         Malign Gateway    |       |       |       |       |       |       |       |       |     3 ||     3
         Sculpt Simulacrum |       |       |       |       |       |       |       |       |     1 ||     1
 Invoke: Call Merchant     |       |       |       |     2 |     2 |     1 |     3 |     1 |     4 ||    13
         Potion Petition   |       |       |       |       |       |       |       |       |    69 ||    69
Ability: Evoke Invisibilit |       |       |       |       |       |       |       |       |    24 ||    24
  Evoke: Wand              |       |     4 |     2 |    23 |    13 |    20 |    16 |    13 |    18 ||   109
         Sack of spiders   |       |       |       |     2 |     2 |     1 |     2 |     1 |     2 ||    10
         Phantom mirror    |       |       |       |       |       |       |     1 |       |       ||     1
         Phial of floods   |       |       |       |       |       |       |       |     1 |       ||     1
         Condenser vane    |       |       |       |       |       |       |       |     1 |       ||     1
         Figurine of a zig |       |       |       |       |       |       |       |       |     6 ||     6
         Horn of Geryon    |       |       |       |       |       |       |       |       |     1 ||     1
    Use: Scroll            |       |    10 |     9 |    10 |     9 |    19 |     9 |    15 |    69 ||   150
         Potion            |       |       |     3 |     2 |     1 |    12 |     9 |     9 |   120 ||   156
   Stab: Confused          |       |       |     2 |    16 |     3 |     1 |       |       |       ||    22
         Distracted        |       |       |       |       |       |       |       |     1 |    13 ||    14
         Sleeping          |       |       |       |       |       |       |       |     2 |       ||     2
         Invisible         |       |       |       |       |       |       |       |       |     3 ||     3
 Armour: Robe              |    28 |    20 |    91 |    20 |    28 |   250 |   378 |   489 |   975 ||  2279
         Steam dragon scal |       |       |       |   162 |   200 |       |       |       |       ||   362
         Ring mail         |       |       |       |       |       |       |       |       |   262 ||   262
  Dodge: Dodged            |    51 |    53 |   163 |   243 |   189 |   112 |   138 |   215 |   542 ||  1706
  Block: Other             |       |       |       |       |    36 |    48 |    50 |    91 |    70 ||   295
         Reflection        |       |       |       |       |       |     2 |    12 |     9 |   103 ||   126
         Tower shield      |       |       |       |       |       |       |       |       |   358 ||   358
         Kite shield       |       |       |       |       |       |       |       |       |   227 ||   227

Table legend: (Time is in decaauts)
 A = Elapsed time spent in this place.
 B = Non-inter-level travel time spent in this place.
 C = Inter-level travel time spent in this place.
 D = Time resting spent in this place.
 E = Time spent auto-exploring this place.
 F = Levels seen in this place.
 G = Mean time per level.
                   A        B        C        D        E       F      G
               +--------+--------+--------+--------+--------+-----+--------+
         Total | 198254 | 183929 |  14325 |  46730 |  93355 | 229 |  865.7 |
       Dungeon |  32264 |  26969 |   5295 |   4303 |  17904 |  15 | 2150.9 |
        Temple |     14 |     14 |      0 |      0 |      0 |   1 |   14.0 |
          Lair |  17849 |  16204 |   1645 |   4306 |   8327 |   5 | 3569.8 |
         Swamp |   9382 |   9172 |    210 |   4244 |   3313 |   4 | 2345.5 |
   Spider Nest |  13920 |  13054 |    866 |   5137 |   5992 |   4 | 3480.0 |
    Slime Pits |   6350 |   6092 |    258 |   2159 |   2777 |   5 | 1270.0 |
  Orcish Mines |   3762 |   3067 |    695 |    988 |   1567 |   2 | 1881.0 |
   Elven Halls |   8817 |   8325 |    492 |   3168 |   2967 |   3 | 2939.0 |
        Vaults |  19254 |  17257 |   1997 |   5690 |   8561 |   5 | 3850.8 |
         Crypt |  10142 |   9540 |    602 |   2763 |   4139 |   3 | 3380.7 |
          Tomb |   7649 |   7455 |    194 |   2795 |   2866 |   3 | 2549.7 |
        Depths |  14420 |  12955 |   1465 |   5340 |   5133 |   4 | 3605.0 |
          Hell |   1457 |   1369 |     88 |    321 |    807 |   1 | 1457.0 |
           Dis |    208 |    208 |      0 |      0 |      0 |   7 |   29.7 |
       Gehenna |    484 |    484 |      0 |      0 |      0 |   7 |   69.1 |
       Cocytus |    280 |    280 |      0 |      0 |      0 |   7 |   40.0 |
      Tartarus |    573 |    573 |      0 |      0 |      0 |   6 |   95.5 |
           Zot |  11294 |  10782 |    512 |   3206 |   5632 |   5 | 2258.8 |
         Abyss |    650 |    650 |      0 |      6 |      0 |   4 |  162.5 |
      Ziggurat |  35422 |  35422 |      0 |    273 |  23050 | 135 |  262.4 |
        Bailey |    714 |    714 |      0 |    166 |     95 |   1 |  714.0 |
      Ice Cave |   1608 |   1608 |      0 |   1085 |      0 |   1 | 1608.0 |
        Wizlab |   1731 |   1731 |      0 |    779 |    222 |   1 | 1731.0 |
               +--------+--------+--------+--------+--------+-----+--------+

Top non-repeatable levels by time:
Vaults:2: 6064 daAuts
  Tomb:1: 5334 daAuts
Depths:4: 5301 daAuts
Spider:3: 5125 daAuts
 Crypt:3: 4818 daAuts
  Lair:2: 4487 daAuts
Depths:1: 4429 daAuts
  Lair:1: 4363 daAuts
Spider:1: 4073 daAuts
   Elf:3: 3908 daAuts
Vaults:3: 3858 daAuts
Vaults:1: 3760 daAuts
    D:13: 3627 daAuts
  Lair:4: 3604 daAuts
    D:11: 3567 daAuts
